 Dungeon Crawl Stone Soup version 0.23-a0-386-g9c9d49f (webtiles) character file.

1011737 MTVSty1e the Axe Maniac (level 27, -2/245 HPs)
             Began as a Minotaur Fighter on Oct 28, 2018.
             Was the Champion of the Shining One.
             Slain by an Ice Fiend (8 damage)
             ... on level 7 of the Iron City of Dis.
             The game lasted 03:38:52 (77047 turns).

MTVSty1e the Axe Maniac (Minotaur Fighter)         Turns: 77047, Time: 03:38:53

Health: -2/245     AC: 47    Str: 46    XL:     27
Magic:  31/31      EV: 23    Int:  6    God:    the Shining One [******]
Gold:   10396      SH: 45    Dex: 14    Spells: 26/26 levels left

rFire    + + +     SeeInvis +   c - +9 broad axe (holy)
rCold    + + +     Gourm    .   N - +2 shield of Resistance {rF+ rC+ MR+}
rNeg     + + +     Faith    .   A - +9 gold dragon scales
rPois    +         Spirit   .   E - +2 hat
rElec    +         Reflect  +   X - +1 cloak of Circular Logic {rElec Regen+ Str-2}
rCorr    +         Harm     .   b - +2 pair of gloves {Dex+3}
MR       +++..     NoCast   +   I - +0 pair of boots "Qopuzum" {-Cast rPois rC+++ Dex+5}
Stlth    ..........             v - amulet of Vaciac {Reflect Str+3 SH+5}
HPRegen  0.00/turn              K - ring "Boihaizo" {rElec rF+ Str+5 Int+3 Dex-5}
MPRegen  0.22/turn              H - ring "Zudoarin" {rCorr Int+2}

@: mighty, divine shield, hasted, glowing, very quick
A: retaliatory headbutt, horns 2, see invisible, deterioration 1, dopey 2, frail
1, low mp 2, inhibited regeneration, strong 1, no potion heal 1
}: 7/15 runes: serpentine, barnacled, slimy, silver, icy, bone, abyssal
a: Divine Shield, Cleansing Flame, Summon Divine Warrior, Renounce Religion


You were on level 7 of the Iron City of Dis.
You worshipped the Shining One.
The Shining One was exalted by your worship.
You were not hungry.

You visited 15 branches of the dungeon, and saw 75 of its levels.
You visited the Abyss 3 times.
You visited 1 ziggurat, and saw 17 of its levels.
You also visited: Ice Cave, Volcano and Wizlab.

You collected 12618 gold pieces.
You spent 2222 gold pieces at shops.

Inventory:

Hand Weapons
 c - a +9 broad axe of holy wrath (weapon)
 z - a +9 broad axe of chopping
Armour
 b - a +2 pair of gloves of dexterity (worn)
 t - the +1 cloak of Starlight {rElec rC+ EV+4 Stlth--}
   (You found it on level 3 of the Elven Halls)

   It affects your evasion (+4).
   It protects you from cold.
   It insulates you from electricity.
   It makes you much less stealthy.
 A - +9 gold dragon scales (worn)
 E - a +2 hat (worn)
 I - the +0 pair of boots "Qopuzum" (worn) {-Cast rPois rC+++ Dex+5}
   (You found it on level 10 of the Dungeon)

   It affects your dexterity (+5).
   It renders you almost immune to cold.
   It protects you from poison.
   It prevents spellcasting.
 N - the +2 shield of Resistance (worn) {rF+ rC+ MR+}
   (You found it on level 8 of a ziggurat)

   It protects you from fire.
   It protects you from cold.
   It affects your resistance to hostile enchantments.
 X - the +1 cloak of Circular Logic (worn) {rElec Regen+ Str-2}
   (You found it on level 15 of a ziggurat)

   It affects your strength (-2).
   It insulates you from electricity.
   It increases your rate of regeneration.
Jewellery
 u - the ring of Cuosoil {rCorr rC+ Str+4}
   (You found it on level 7 of Cocytus)

   [ring of resist corrosion]

   It affects your strength (+4).
   It protects you from cold.
 v - the amulet of Vaciac (around neck) {Reflect Str+3 SH+5}
   (You found it on level 11 of a ziggurat)

   [amulet of reflection]

   It shields you and reflects attacks.
   It affects your strength (+3).
   It affects your SH (+5).
 G - the ring of Cel Muna {rElec rPois rF+ Slay-4 SInv}
   (You found it on level 17 of a ziggurat)

   [ring of protection from fire]

   It affects your accuracy and damage with ranged weapons and melee attacks
   (-4).
   It protects you from fire.
   It insulates you from electricity.
   It protects you from poison.
   It lets you see invisible.
 H - the ring "Zudoarin" (right hand) {rCorr Int+2}
   (You found it on level 12 of a ziggurat)

   [ring of resist corrosion]

   It affects your intelligence (+2).
 K - the ring "Boihaizo" (left hand) {rElec rF+ Str+5 Int+3 Dex-5}
   (You found it on level 5 of the Pits of Slime)

   [ring of strength]

   It affects your strength (+5).
   It affects your intelligence (+3).
   It affects your dexterity (-5).
   It protects you from fire.
   It insulates you from electricity.
 L - the ring of Jatynogu {rElec rF+ Str-3 Dex+3 SInv}
   (You bought it in a shop on level 1 of the Depths)

   [ring of protection from fire]

   It affects your strength (-3).
   It affects your dexterity (+3).
   It protects you from fire.
   It insulates you from electricity.
   It lets you see invisible.
 P - the ring "Him Fiw" {*Corrode rF+++ MR- Dex+2 SInv}
   (You found it on level 16 of a ziggurat)

   [ring of see invisible]

   It affects your dexterity (+2).
   It renders you almost immune to fire.
   It affects your resistance to hostile enchantments.
   It lets you see invisible.
   It may corrode you when you take damage.
 W - the ring of Hator {+Inv +Fly rF+ Dex+3}
   (You found it on level 5 of the Pits of Slime)

   [ring of flight]

   It affects your dexterity (+3).
   It protects you from fire.
   It lets you turn invisible.
   It lets you fly.
Wands
 h - a wand of digging (47)
 l - a wand of scattershot (3)
 m - a wand of polymorph (55)
 o - a wand of paralysis (54)
 r - a wand of flame (120)
 x - a wand of enslavement (15)
 C - a wand of acid (49)
 M - a wand of disintegration (15)
 R - a wand of iceblast (32)
Scrolls
 e - 7 scrolls of identify
 g - 8 scrolls of holy word
 j - a scroll of enchant armour
 n - 12 scrolls of amnesia
 p - 34 scrolls of remove curse
 s - 39 scrolls of teleportation
 w - 4 scrolls of magic mapping
 y - 6 scrolls of fear
 F - 6 scrolls of blinking
 O - 2 scrolls of summoning
 T - 7 scrolls of fog
 Y - 4 scrolls of silence
 Z - 6 scrolls of enchant weapon
Potions
 a - 5 potions of magic
 d - 13 potions of curing
 i - 4 potions of might
 q - 5 potions of resistance
 B - 5 potions of agility
 D - 6 potions of brilliance
 J - 7 potions of haste
 Q - 10 potions of berserk rage
 S - 3 potions of cancellation
 U - a potion of flight
 V - 4 potions of ambrosia
Comestibles
 f - 27 rations


   Skills:
 O Level 27 Fighting
 O Level 27 Axes
 O Level 27 Armour
 + Level 24.3 Dodging
 O Level 27 Shields
 O Level 27 Invocations
 + Level 18.3 Evocations


You had 26 spell levels left.
You didn't know any spells.
Your spell library contained the following spells:

 Spells                   Type           Power        Failure   Level  Hunger
 Animate Skeleton         Necr           N/A          83%         1    ##.....
 Apportation              Tloc           #.....       83%         1    ##.....
 Beastly Appendage        Tmut           #.....       83%         1    ##.....
 Confusing Touch          Hex            #.....       83%         1    ##.....
 Corona                   Hex            #......      83%         1    ##.....
 Flame Tongue             Conj/Fire      #....        83%         1    ##.....
 Freeze                   Ice            #...         83%         1    ##.....
 Infusion                 Chrm           #...         83%         1    ##.....
 Magic Dart               Conj           #...         83%         1    ##.....
 Sandblast                Erth           #.....       83%         1    ##.....
 Shock                    Conj/Air       #...         83%         1    ##.....
 Sting                    Conj/Pois      #...         83%         1    ##.....
 Summon Butterflies       Summ           #.......     83%         1    ##.....
 Summon Small Mammal      Summ           #...         83%         1    ##.....
 Blink                    Tloc           N/A          92%         2    ###....
 Call Imp                 Summ           #.......     92%         2    ###....
 Corpse Rot               Necr           N/A          92%         2    ###....
 Ensorcelled Hibernation  Hex/Ice        #.....       92%         2    ###....
 Passwall                 Tmut/Erth      #.......     92%         2    ###....
 Poisonous Vapours        Pois/Air       #.....       92%         2    ###....
 Searing Ray              Conj           #.....       92%         2    ###....
 Shroud of Golubria       Chrm/Tloc      #.........   92%         2    ###....
 Slow                     Hex            #.......     92%         2    ###....
 Song of Slaying          Chrm           #.......     92%         2    ###....
 Sticks to Snakes         Tmut           #.......     92%         2    ###....
 Sublimation of Blood     Necr           #.........   92%         2    ###....
 Throw Frost              Conj/Ice       #.....       92%         2    ###....
 Call Canine Familiar     Summ           #.......     99%         3    ####...
 Confuse                  Hex            #.......     99%         3    ####...
 Conjure Flame            Conj/Fire      #.......     99%         3    ####...
 Dazzling Spray           Conj/Hex       #.....       99%         3    ####...
 Gell's Gravitas          Tloc           #.........   99%         3    ####...
 Ignite Poison            Fire/Tmut/Pois #.......     99%         3    ####...
 Mephitic Cloud           Conj/Pois/Air  #.......     99%         3    ####...
 Ozocubu's Armour         Chrm/Ice       #.......     99%         3    ####...
 Portal Projectile        Hex/Tloc       #.....       99%         3    ####...
 Recall                   Summ/Tloc      N/A          99%         3    ####...
 Regeneration             Chrm/Necr      #.........   99%         3    ####...
 Spectral Weapon          Hex/Chrm       #.......     99%         3    ####...
 Spider Form              Tmut/Pois      #.........   99%         3    ####...
 Static Discharge         Conj/Air       #.......     99%         3    ####...
 Stone Arrow              Conj/Erth      #.....       99%         3    ####...
 Summon Guardian Golem    Hex/Summ       #.......     99%         3    ####...
 Tukima's Dance           Hex            #.......     99%         3    ####...
 Animate Dead             Necr           N/A          100%        4    #####..
 Cause Fear               Hex            #.........   100%        4    #####..
 Force Lance              Conj/Tloc      #.......     100%        4    #####..
 Fulminant Prism          Conj/Hex       #.........   100%        4    #####..
 Ice Form                 Ice/Tmut       #.......     100%        4    #####..
 Iskenderun's Mystic Bla  Conj           #.......     100%        4    #####..
 Leda's Liquefaction      Hex/Erth       #.........   100%        4    #####..
 Olgreb's Toxic Radiance  Pois           #.......     100%        4    #####..
 Petrify                  Tmut/Erth      #.......     100%        4    #####..
 Summon Ice Beast         Ice/Summ       #.......     100%        4    #####..
 Summon Lightning Spire   Summ/Air       #.......     100%        4    #####..
 Throw Icicle             Conj/Ice       #.......     100%        4    #####..
 Alistair's Intoxication  Tmut/Pois      #.......     100%        5    ######.
 Aura of Abjuration       Summ           #.........   100%        5    ######.
 Blade Hands              Tmut           #.........   100%        5    ######.
 Bolt of Magma            Conj/Fire/Erth #.........   100%        5    ######.
 Borgnjor's Vile Clutch   Necr/Erth      #.........   100%        5    ######.
 Fireball                 Conj/Fire      #.........   100%        5    ######.
 Irradiate                Conj/Tmut      #.........   100%        5    ######.
 Iskenderun's Battlesphe  Conj/Chrm      #.......     100%        5    ######.
 Lee's Rapid Deconstruct  Erth           #.........   100%        5    ######.
 Lightning Bolt           Conj/Air       #.........   100%        5    ######.
 Metabolic Englaciation   Hex/Ice        #.........   100%        5    ######.
 Summon Demon             Summ           #.........   100%        5    ######.
 Summon Forest            Summ/Tloc      #.........   100%        5    ######.
 Summon Mana Viper        Hex/Summ       #.......     100%        5    ######.
 Venom Bolt               Conj/Pois      #.........   100%        5    ######.
 Yara's Violent Unravell  Hex/Tmut       #.........   100%        5    ######.
 Bolt of Cold             Conj/Ice       #.........   100%        6    #######
 Bolt of Fire             Conj/Fire      #.........   100%        6    #######
 Death Channel            Necr           #.........   100%        6    #######
 Dispersal                Tloc           #.........   100%        6    #######
 Freezing Cloud           Conj/Ice/Air   #.........   100%        6    #######
 Hydra Form               Tmut           #.........   100%        6    #######
 Iron Shot                Conj/Erth      #.........   100%        6    #######
 Ozocubu's Refrigeration  Ice            #.........   100%        6    #######
 Poison Arrow             Conj/Pois      #.........   100%        6    #######
 Shadow Creatures         Summ           N/A          100%        6    #######
 Simulacrum               Ice/Necr       #.........   100%        6    #######
 Statue Form              Tmut/Erth      #........    100%        6    #######
 Dragon Form              Tmut           #.........   100%        7    #######
 Orb of Destruction       Conj           #.........   100%        7    #######
 Ring of Flames           Chrm/Fire      #.........   100%        7    #######
 Spellforged Servitor     Conj/Summ      #.........   100%        7    #######
 Summon Hydra             Summ           #.........   100%        7    #######
 Chain Lightning          Conj/Air       #.........   100%        8    #######
 Controlled Blink         Tloc           N/A          100%        8    #######
 Disjunction              Tloc           #.........   100%        8    #######
 Ignition                 Fire           #.........   100%        8    #######
 Lehudib's Crystal Spear  Conj/Erth      #.........   100%        8    #######
 Dragon's Call            Summ           #.........   100%        9    #######
 Fire Storm               Conj/Fire      #.........   100%        9    #######
 Glaciate                 Conj/Ice       #.........   100%        9    #######
 Shatter                  Erth           #.........   100%        9    #######
 Tornado                  Air            #.........   100%        9    #######


Dungeon Overview and Level Annotations

Branches:
Dungeon (15/15)            Temple (1/1) D:5            Lair (6/6) D:10
 Shoals (4/4) Lair:2        Snake (4/4) Lair:2        Slime (5/5) Lair:5
    Orc (2/2) D:9             Elf (3/3) Orc:2        Vaults (5/5) D:13
  Crypt (3/3) Vaults:3       Tomb (0/3) Crypt:3      Depths (5/5) D:15
   Hell (1/1)                 Dis (7/7) Hell            Geh (0/7) Hell
    Coc (7/7) Hell            Tar (7/7) Hell            Zot (0/5) Depths:5

Altars:
Ashenzari
Cheibriados
Dithmenos
Elyvilon
Fedhas
Gozag
Hepliaklqana
Kikubaaqudgha
Makhleb
Nemelex Xobeh
Okawaru
Qazlal
Ru
Sif Muna
Trog
Uskayaw
Vehumet
Wu Jian
Xom
Yredelemnul
Zin
The Shining One
Beogh
Lugonu

Shops:
D:5 *   D:6 =   D:10 [?   Orc:2 [*(:   Elf:3 [   Shoals:2 *   Snake:3 ?
Snake:4 =}=   Vaults:1 ?   Vaults:5 !(?[%%!???   Depths:1 (=   Depths:4 [

Portals:
Hell: Depths:1 Depths:2 Depths:3 Depths:4 Depths:5
Abyss: Depths:2 Depths:3 Depths:4 Depths:5
Pandemonium: Depths:3

Annotations:
D:7 4 runed doors
D:9 1 runed door, exclusion: ice statue, Garbasso's ghost, novice VSFi
Dis:7 Serpent of Hell


Innate Abilities, Weirdness & Mutations

You reflexively headbutt those who attack you in melee.
You have a pair of horns on your head.
You have supernaturally acute eyesight. (SInv)
Your body sometimes deteriorates upon taking damage.
You are very dopey. (Int -4)
You are frail. (-10% HP)
Your magical capacity is very low. (-20% MP)
You do not regenerate when monsters are visible.
Your muscles are strong. (Str +2)
Potions are less effective at restoring your health.


Message History

* * * LOW HITPOINT WARNING * * *
The iron dragon bites you but does no damage.
The iron dragon closely misses you.
The iron dragon tramples you but does no damage.
The Ice Fiend gestures at you. The bolt of cold hits you! You resist.
* * * LOW HITPOINT WARNING * * *
The iron dragon completely misses you. The iron dragon misses you. x2
You bump into the metal wall.
The tormentor calls on the powers of darkness!
The iron dragon convulses!
The storm dragon convulses!
The iron dragon convulses!
You feel a surge of unholy energy.
The Serpent of Hell bites you but does no damage. x3
You're too confused!
Your system partially rejects the healing.
You feel better.
You feel less invigorated. You block the Ice Fiend's attack.
The Ice Fiend claws you.
* * * LOW HITPOINT WARNING * * *
The Ice Fiend freezes you! You resist.
You die...

*,,,,,,,****#..........#*,,,****,
**,,,,,,*,,,#......2...##*,,,,,,,
,*,...,,+,,,#...........##*,,,,,,
,+,...,,*,,,#............#*,,,,,,
,*,....,*,,,#............#**,,,,,
**,.....*,,,#..DDD........#*,,,,,
,,,.....#####..#D##.....###**,,*+
,,,.........D..#D1#.....'.,,+,,*,
,,,5.....)....D#@D#.....#..,**,*,
,,,.......5)...####.....#..,**,*,
,,,......[†.............#,,,**,**
,,,.......####..........#,,,***,,
,,,.....##***###........#,,,* *,,
,,,....#**,,,,**#...,,,,*,,,* *,,
**+####**,,,,,,**#'#,,,,*,,,****,
*,,,,,**,,8,,8,,*,.#,,,,*,,,*,**,
*,,,,,+,,,,,,,,,*,,*,,,,*****,**,


You could see the Serpent of Hell, 3 iron dragons, 2 storm dragons, an Ice Fiend
and a tormentor.

Vanquished Creatures
  Antaeus (Coc:7)
  Dissolution (Slime:3)
  the Royal Jelly (Slime:5)
  Ereshkigal (Tar:7)
  2 pandemonium lords
  2 orbs of fire (Zig:11)
  Khufu (Crypt:3)
  2 ancient liches
  10 shard shrikes
  Xtahua (Depths:5)
  Frederick (Depths:5)
  Saint Roka (Depths:2)
  3 Killer Klowns
  Geryon (Hell)
  4 caustic shrikes
  4 golden dragons
  Jory (Crypt:2)
  2 profane servitors
  17 bone dragons
  The ghost of MisterFreud the Wrestler, an adept TrMo of Cheibriados (Vaults:4)
  10 liches
  22 Tzitzimimeh
  5 Brimstone Fiends
  10 doom hounds
  4 iron giants (Dis:7)
  12 tentacled monstrosities
  27 Ice Fiends
  A shard shrike skeleton (Crypt:2)
  8 Hell Sentinels
  Rupert (D:13)
  2 hellephants
  A moon troll (WizLab)
  8 deep elf blademasters
  11 deep elf master archers
  13 titans
  4 quicksilver dragons (Dis:7)
  31 acid blobs
  3 Executioners
  10 sphinxes
  Frances (Snake:1)
  22 tentacled starspawn
  A thorn hunter (Zig:12)
  6 ancient champions
  Kirke (Snake:1)
  4 revenants
  15 nagarajas
  11 storm dragons
  3 tengu reavers
  12 shadow dragons
  Roxanne (Shoals:4)
  13 azure jellies
  26 fire giants
  A blood saint (Zig:10)
  16 iron dragons
  2 daevas
  Aizul (Crypt:1)
  A draconian scorcher (Depths:5)
  Louise (Elf:1)
  8 deep elf sorcerers
  14 vault wardens
  7 cacodemons
  2 juggernaut zombies (Zig:17)
  9 balrugs
  22 frost giants
  5 ghost moths (Zig:16)
  8 ghouls
  A caustic shrike zombie (Zig:17)
  2 spriggan defenders (Depths:4)
  A draconian annihilator (Depths:5)
  7 deep elf elementalists
  19 ironheart preservers
  3 elemental wellsprings (Coc:7)
  18 war gargoyles
  47 reapers
  36 very ugly things
  4 entropy weavers
  A corrupter (Zig:10)
  4 green draconians (Depths:5)
  An ophan (Abyss:4)
  2 juggernaut skeletons (Zig:17)
  15 vampire knights
  46 stone giants
  11 deep elf demonologists
  5 black draconians
  A black sun (Zig:10)
  4 spark wasps
  14 deep elf annihilators
  A white draconian (Depths:5)
  3 lorocyprocas
  The ghost of Vaxualodu the Thaumaturge, a journeyman GnIE of Gozag (Lair:3)
  2 ettins (shapeshifter)
  2 red draconians
  20 ettins
  A minotaur (shapeshifter) (Depths:4)
  15 blizzard demons
  6 green deaths
  2 crystal guardians (Abyss:4)
  8 merfolk javelineers
  4 eidola
  16 fire dragons
  24 yaktaur captains
  9 merfolk impalers
  6 deep elf death magi
  2 quicksilver dragon zombies
  9 death oozes
  3 mummy priests
  18 great orbs of eyes
  12 deep elf high priests
  23 jiangshi
  A great orb of eyes (shapeshifter) (Abyss:4)
  5 quicksilver dragon skeletons
  12 naga warriors
  16 anacondas
  28 vault guards
  20 ogre magi
  5 rakshasas
  Erolcha (D:11)
  7 hell beasts
  2 kraken zombies (Coc:7)
  21 ice dragons
  2 merfolk avatars
  4 spriggan air magi
  17 hydras
  Erica (Lair:1)
  A satyr (shapeshifter) (Elf:1)
  3 shambling mangroves
  5 satyrs
  8 merfolk aquamancers
  4 ghost crabs
  A catoblepas (D:14)
  An alligator snapping turtle (Shoals:3)
  9 deep troll shamans
  10 centaur warriors
  A queen ant (Lair:4)
  7 death knights
  32 two-headed ogres
  22 dancing weapons
  4 death scarabs
  6 deep troll earth magi
  11 vampire magi
  3 alligators
  6 tengu warriors
  5 titan zombies
  41 deep elf knights
  30 hell hogs
  2 orc high priests (Elf:1)
  8 shock serpents
  56 thrashing horrors
  8 spriggan berserkers
  9 iron golems
  18 soul eaters
  18 naga sharpshooters
  7 sun demons
  4 fire crabs (Zig:11)
  6 storm dragon zombies
  3 shadow wraiths
  6 titan skeletons
  14 wretched stars
  5 salamander mystics
  154 skeletal warriors
  9 anaconda zombies
  27 hell knights
  9 iron trolls
  15 sea snakes
  21 deep trolls
  12 unseen horrors
  5 spatial maelstroms
  2 sixfirhies
  13 flayed ghosts
  6 golden dragon zombies
  3 wizards
  16 shadow demons
  3 storm dragon skeletons
  A kraken simulacrum (Hell)
  An orange crystal statue (WizLab)
  2 spriggan druids
  A gelid demonspawn (Depths:3)
  4 death drakes
  3 golden dragon skeletons
  6 shadow dragon zombies
  A swamp dragon (Zig:12)
  An obsidian statue (Zig:2)
  A glowing orange brain (shapeshifter) (Zig:14)
  9 naga ritualists
  A ghost moth zombie (Tar:5)
  16 glowing orange brains
  14 ironbrand convokers
  2 iron dragon zombies (Coc:1)
  28 harpies
  6 anaconda skeletons
  A lindwurm (Lair:6)
  A lindwurm (shapeshifter) (Zig:14)
  19 phantasmal warriors
  7 orb spiders (Zig:16)
  81 deep elf magi
  30 deep elf archers
  33 ugly things
  4 wolf spider zombies
  5 frost giant zombies
  6 shadow dragon skeletons
  12 wolf spiders
  A fire giant zombie (Coc:1)
  2 mana vipers
  7 orc sorcerers
  A mana viper (shapeshifter) (D:15)
  15 salamanders
  A wolf spider (shapeshifter) (Depths:4)
  7 shining eyes
  18 orc knights
  11 cyclopes
  A cyclops (shapeshifter) (Vaults:5)
  10 necromancers
  A salamander (shapeshifter) (Vaults:4)
  A tengu skeleton (Zig:17)
  6 worldbinders
  8 manticores
  A moth of wrath (Zig:16)
  5 oklob plants
  13 merfolk sirens
  4 stone giant skeletons
  3 frost giant skeletons
  3 iron dragon skeletons
  27 black mambas
  3 fire giant skeletons
  2 guardian serpents (shapeshifter) (Abyss:4)
  A manticore (shapeshifter) (Depths:5)
  14 fauns
  A black mamba (shapeshifter) (Elf:1)
  4 dire elephant zombies
  2 stone giant zombies
  18 vault sentinels
  19 guardian serpents
  2 ice statues
  6 torpor snails (Lair:6)
  20 naga magi
  9 eyes of devastation
  A water nymph (shapeshifter) (Zig:14)
  4 apocalypse crabs
  5 centaur zombies
  35 rust devils
  25 spiny frogs
  16 smoke demons
  7 water nymphs
  4 orange demons (Abyss:4)
  A catoblepas zombie (Dis:3)
  6 dire elephant skeletons
  A spiny frog (shapeshifter) (Zig:14)
  16 hellions
  4 rime drakes
  6 efreet
  An alligator snapping turtle skeleton (Crypt:2)
  2 anaconda simulacra
  2 demonic crawlers (Zig:16)
  A tengu conjurer (Depths:4)
  43 freezing wraiths
  A redback zombie (D:14)
  A black draconian skeleton (Crypt:2)
  A white draconian skeleton (Crypt:2)
  27 ice devils
  5 hellwings
  66 yaktaurs
  6 komodo dragons
  14 hydra zombies
  A catoblepas skeleton (Hell)
  A pale draconian skeleton (Crypt:2)
  39 tormentors
  3 spriggan skeletons
  15 guardian mummies
  3 silent spectres
  2 harpy zombies
  13 ancient zymes
  27 merfolk
  2 queen bees
  4 jumping spiders (Zig:16)
  3 meliai (D:15)
  A meliai (shapeshifter) (Abyss:4)
  A hornet (shapeshifter) (Vaults:1)
  A queen bee (shapeshifter) (Vaults:1)
  7 trolls
  A troll (shapeshifter) (Abyss:5)
  5 tyrant leeches
  29 hornets
  A jumping spider (shapeshifter) (Vaults:3)
  4 wind drakes
  12 polar bears (IceCv)
  19 red devils
  48 large abominations
  12 bog bodies
  3 hydra skeletons
  A blink frog (shapeshifter) (Vaults:1)
  3 ettin zombies
  97 slime creatures
  A harpy skeleton (Dis:3)
  69 raiju
  A fire dragon zombie (Coc:2)
  A slime creature (shapeshifter) (Depths:1)
  Grinder (D:3)
  2 spriggan zombies
  4 ice dragon zombies
  3 dream sheep
  9 hippogriffs
  8 alligator zombies
  A meliai zombie (D:15)
  A fire giant simulacrum (Coc:2)
  84 starcursed masses
  An alligator skeleton (Coc:7)
  14 blink frogs
  7 snapping turtles
  An ettin skeleton (Coc:5)
  143 flying skulls
  An air elemental (Elf:1)
  A centaur simulacrum (D:15)
  3 fire dragon skeletons
  8 spriggans
  A black mamba skeleton (Hell)
  6 ice dragon skeletons
  8 ynoxinuls
  8 redbacks
  29 shadows
  5 tarantellas
  2 tarantellas (shapeshifter)
  14 wyverns
  4 hogs (Snake:1)
  36 water elementals
  3 basilisks
  98 yaks
  26 wraiths
  An elf zombie (Zig:17)
  4 fire bats (Abyss:2)
  18 fire elementals
  22 golden eyes
  A hog (shapeshifter) (Elf:1)
  8 hungry ghosts
  4 vampire mosquitoes
  13 chaos spawn
  16 neqoxecs
  9 spatial vortices
  4 wargs
  An emperor scorpion simulacrum (Coc:1)
  A merfolk zombie (Coc:7)
  53 nagas
  8 soldier ants
  A soldier ant (shapeshifter) (Vaults:2)
  38 hell hounds
  43 small abominations
  A two-headed ogre zombie (D:9)
  3 floating eyes
  23 water moccasins
  A monstrous demonspawn skeleton (Crypt:2)
  2 spiny frog zombies
  A water moccasin (shapeshifter) (Vaults:2)
  12 porcupines
  2 hydra simulacra (Coc:2)
  6 snapping turtle zombies
  2 swamp dragon zombies
  15 necrophages
  41 orc warriors
  3 swamp drakes
  6 sky beasts
  2 spiny frog skeletons
  A hornet zombie (D:7)
  10 ice beasts
  7 phantoms
  3 black bears
  An alligator simulacrum (Coc:7)
  8 eyes of draining
  An eye of draining (shapeshifter) (Depths:4)
  An ettin simulacrum (Abyss:2)
  22 wolves
  A tengu (shapeshifter) (Elf:1)
  43 ogres
  A swamp dragon skeleton (Tar:7)
  28 centaurs
  A boggart (Depths:2)
  2 big kobolds
  11 crocodiles
  2 manticore skeletons
  A rime drake zombie (Crypt:1)
  4 snapping turtle skeletons
  An octopode zombie (Crypt:1)
  4 wyvern zombies
  12 bullfrogs
  An earth elemental (Elf:1)
  4 elf skeletons
  A water moccasin skeleton (Crypt:1)
  5 scorpions
  2 human simulacra
  A troll zombie (D:9)
  41 killer bees
  An orc simulacrum (Vaults:2)
  58 wights
  2 electric eels (Snake:1)
  4 howler monkeys
  16 crimson imps
  2 bullfrog zombies
  5 quasits
  23 iron imps
  3 centaur skeletons
  A bullfrog skeleton (D:13)
  A gnoll shaman (D:4)
  4 hounds
  7 jellies
  A demonspawn zombie (Crypt:2)
  14 orc priests
  Natasha (thrice) (D:2)
  A human skeleton (Tar:4)
  6 iguanas
  28 orc wizards
  6 hell rats (Hell)
  28 worker ants
  6 ogre zombies (D:9)
  A tengu zombie (Coc:1)
  A demigod skeleton (Crypt:1)
  A hound zombie (D:7)
  16 mummies
  A howler monkey zombie (D:9)
  A worker ant zombie (D:11)
  11 gnolls
  A howler monkey skeleton (Crypt:1)
  12 adders
  18 shadow imps
  12 white imps
  5 ufetubi
  9 oozes (D:3)
  An adder zombie (Crypt:2)
  An adder skeleton (D:5)
  3 worms
  2 dart slugs
  9 leopard geckos
  106 orcs
  7 giant cockroaches
  4 goblins
  10 hobgoblins
  17 jackals
  25 kobolds
  9 quokkas
  A ball python (D:4)
  A ball python skeleton (D:4)
  6 bats
  7 frilled lizards
  2 goblin skeletons (D:9)
  2 goblin zombies (D:9)
  A hobgoblin skeleton (D:9)
  A hobgoblin zombie (D:9)
  A kobold zombie (Dis:7)
  A leopard gecko zombie (Crypt:1)
  4 orc skeletons (D:9)
  15 orc zombies (D:9)
  A quokka zombie (D:9)
  5 rats
  A bush (Lair:6)
  8 crawling corpses (Elf:3)
  4 fungi
  4 lurking horrors (Abyss:4)
  A macabre mass (Abyss:3)
  7 plants
  31 starspawn tentacles
  10 tentacles
4701 creatures vanquished.

Vanquished Creatures (others)
  A titan (Vaults:5)
  3 deep elf master archers
  A fire giant (Zig:11)
  4 elemental wellsprings
  A stone giant (Crypt:2)
  3 yaktaur captains
  A centaur warrior (Depths:1)
  2 deep elf knights (Elf:1)
  A skeletal warrior (Coc:7)
  A death drake (Zig:13)
  A hell knight (Depths:3)
  A spriggan druid (Zig:13)
  2 deep elf archers
  An oklob plant (Zig:13)
  2 deep elf magi
  A spiny frog (Zig:13)
  16 yaktaurs
  A tyrant leech (Zig:13)
  A jumping spider (Zig:16)
  A hornet (Zig:13)
  A flying skull (Abyss:5)
  A fire elemental (Elf:1)
  A human (Snake:2)
  A black bear (shapeshifter) (Depths:4)
  2 briar patches (Zig:12)
  A bush (Lair:6)
  A crawling corpse (Elf:3)
  A demonic plant (WizLab)
  16 fungi
  2 lurking horrors
  24 plants
  40 starspawn tentacles
  15 tentacles
  6 toadstools (D:3)
  2 withered plants (D:9)
159 creatures vanquished.

Grand Total: 4860 creatures vanquished

Notes
Turn   | Place    | Note
-------+----------+-------------------------------------------
     0 | D:1      | MTVSty1e the Minotaur Fighter began the quest for the Orb.
     0 | D:1      | Reached XP level 1. HP: 19/19 MP: 0/0
   233 | D:1      | Reached XP level 2. HP: 23/27 MP: 1/1
   918 | D:2      | Reached XP level 3. HP: 32/33 MP: 2/2
  1158 | D:2      | Reached XP level 4. HP: 41/41 MP: 3/3
  1255 | D:2      | Noticed Natasha
  1263 | D:2      | Killed Natasha
  1284 | D:2      | Reached skill level 5 in Axes
  1430 | D:2      | Noticed Natasha
  1436 | D:2      | Killed Natasha
  1436 | D:2      | Reached XP level 5. HP: 47/47 MP: 4/4
  1512 | D:2      | Noticed Natasha
  1521 | D:2      | Killed Natasha
  1521 | D:2      | Reached skill level 5 in Fighting
  1838 | D:3      | Noticed Grinder
  1842 | D:3      | Paralysed by Grinder for 7 turns
  1855 | D:3      | Killed Grinder
  1855 | D:3      | Reached XP level 6. HP: 36/57 MP: 5/5
  2927 | D:3      | Reached XP level 7. HP: 63/63 MP: 6/6
  3256 | D:4      | Found a snail-covered altar of Cheibriados.
  3256 | D:4      | Found a shadowy altar of Dithmenos.
  3619 | D:5      | Entered Level 5 of the Dungeon
  3650 | D:5      | Found a staircase to the Ecumenical Temple.
  3659 | D:5      | Reached XP level 8. HP: 63/73 MP: 7/7
  3699 | Temple   | Entered the Ecumenical Temple
  3879 | Temple   | Became a worshipper of Warmaster Okawaru
  4017 | D:5      | Reached skill level 10 in Axes
  4274 | D:5      | Found Wischaj's General Store.
  4703 | D:6      | Found a shimmering altar of Xom.
  4718 | D:6      | Noticed an angel
  4722 | D:6      | Found a glowing silver altar of Zin.
  5000 | D:6      | Reached * piety under Okawaru
  5080 | D:6      | Found a bloodstained altar of Trog.
  5080 | D:6      | Found a basalt altar of Yredelemnul.
  5449 | D:6      | Found Zeiklye's Jewellery Emporium.
  5844 | D:7      | Reached XP level 9. HP: 82/82 MP: 8/8
  6136 | D:7      | Reached ** piety under Okawaru
  6320 | D:7      | Found a huge runed gate.
  6322 | D:7      | Noticed a polar bear
  6329 | D:7      | Found a huge runed gate.
  6329 | D:7      | Found a huge runed gate.
  6329 | D:7      | Found a huge runed gate.
  6329 | D:7      | Noticed a manticore
  6330 | D:7      | Noticed a polar bear
  6330 | D:7      | Noticed a polar bear
  6331 | D:7      | Noticed a polar bear
  7421 | D:8      | Reached skill level 10 in Fighting
  7629 | D:9      | Found a runed door.
  7629 | D:9      | Noticed Garbasso's ghost (novice VSFi)
  7694 | D:9      | Reached skill level 1 in Invocations
  7719 | D:9      | Noticed an ice devil
  7720 | D:9      | Noticed an ice devil
  7720 | D:9      | Noticed an ice devil
  7721 | D:9      | Noticed an ice devil
  7724 | D:9      | Noticed an ice devil
  7727 | D:9      | Noticed an ice statue
  7730 | D:9      | Noticed an ice devil
  7783 | D:9      | Reached *** piety under Okawaru
  7977 | D:9      | Found a staircase to the Orcish Mines.
  7992 | D:9      | Reached XP level 10. HP: 89/93 MP: 10/10
  8366 | D:10     | Entered Level 10 of the Dungeon
  8556 | D:10     | Got a pair of spiked boots
  8557 | D:10     | Identified the cursed +0 pair of boots "Qopuzum" {-Cast
                  | rPois rC+++ Dex+5} (You found it on level 10 of the
                  | Dungeon)
  8729 | D:10     | Reached **** piety under Okawaru
  9255 | D:10     | Found Xuagur's Magic Scroll Boutique.
  9604 | D:10     | Found Fezusisa's Antique Armour Boutique.
  9612 | D:10     | Bought a faintly humming shield for 228 gold pieces
  9622 | D:10     | Identified the +4 shield of the Circus Animal {Str+5} (You
                  | bought it in a shop on level 10 of the Dungeon)
  9756 | D:10     | Found a staircase to the Lair.
  9983 | D:11     | Reached ***** piety under Okawaru
 10051 | D:11     | Reached skill level 15 in Axes
 10108 | D:11     | Reached skill level 5 in Invocations
 10113 | D:11     | Reached XP level 11. HP: 93/102 MP: 13/13
 10135 | D:11     | Found an ancient bone altar of Kikubaaqudgha.
 10170 | D:11     | Noticed Erolcha
 10178 | D:11     | Killed Erolcha
 10323 | D:11     | Received a gift from Okawaru
 11024 | D:12     | Got a warped steel ring
 11152 | D:12     | Identified the ring of Puluf {rElec Int+3 SInv} (You found
                  | it on level 12 of the Dungeon)
 11258 | D:12     | Noticed an unseen horror
 11267 | D:12     | Killed an unseen horror
 11267 | D:12     | Reached ****** piety under Okawaru
 11313 | D:12     | Reached XP level 12. HP: 109/112 MP: 16/16
 11632 | D:12     | Noticed a two-headed ogre
 11643 | D:12     | Killed a two-headed ogre
 11644 | D:12     | Noticed a centaur warrior
 11652 | D:12     | Killed a centaur warrior
 11656 | D:12     | Noticed a centaur warrior
 11662 | D:12     | Killed a centaur warrior
 11787 | D:12     | Received a gift from Okawaru
 11834 | D:12     | Noticed an ogre mage
 11842 | D:12     | Killed an ogre mage
 11894 | D:12     | Found a shadowy altar of Dithmenos.
 11951 | D:13     | Noticed a two-headed ogre
 11961 | D:13     | Killed a two-headed ogre
 12109 | D:13     | Noticed a two-headed ogre
 12111 | D:13     | Killed a two-headed ogre
 12143 | D:13     | Noticed a tengu warrior
 12156 | D:13     | Killed a tengu warrior
 12156 | D:13     | Received a gift from Okawaru
 12166 | D:13     | Noticed a tengu warrior
 12175 | D:13     | Killed a tengu warrior
 12278 | D:13     | Found a gate to the Vaults.
 12278 | D:13     | Noticed a yaktaur captain
 12283 | D:13     | Reached skill level 5 in Armour
 12292 | D:13     | Killed a yaktaur captain
 12446 | D:13     | Noticed a two-headed ogre
 12455 | D:13     | Killed a two-headed ogre
 12455 | D:13     | Reached XP level 13. HP: 76/122 MP: 18/18
 12947 | D:13     | Noticed Rupert
 12965 | D:13     | Killed Rupert
 12965 | D:13     | Received a gift from Okawaru
 13148 | D:13     | Got a dazzling battleaxe {god gift}
 13149 | D:13     | Identified the +10 battleaxe of Vaeklatt {pain, rC+ MR+
                  | Int+2} (Okawaru gifted it to you on level 13 of the
                  | Dungeon)
 13756 | D:14     | Found a frozen archway.
 13769 | IceCv    | Entered an ice cave
 14108 | IceCv    | Noticed a frost giant
 14126 | IceCv    | Killed a frost giant
 14126 | IceCv    | Received a gift from Okawaru
 14129 | IceCv    | Got a faintly humming crystal plate armour {god gift}
 14130 | IceCv    | Identified the +8 crystal plate armour "Kexeeppio" {Dex+3
                  | Stlth+} (Okawaru gifted it to you in an ice cave)
 14285 | IceCv    | Got a bloodstained great sword
 14286 | IceCv    | Identified the +7 great sword of Havoc {holy, rC- Str+5
                  | Dex+6} (You found it in an ice cave)
 15220 | D:14     | Got a polished mace
 15221 | D:14     | Identified the +5 mace of Floods {crush, Str+3} (You found
                  | it on level 14 of the Dungeon)
 15314 | D:14     | Reached skill level 10 in Invocations
 15650 | Lair:1   | Entered Level 1 of the Lair of Beasts
 15713 | Lair:1   | Noticed Erica
 15727 | Lair:1   | Killed Erica
 15727 | Lair:1   | Reached XP level 14. HP: 97/132 MP: 20/20
 16942 | Lair:2   | Found a staircase to the Shoals.
 17056 | Lair:2   | Found a staircase to the Snake Pit.
 17241 | Lair:3   | Reached skill level 15 in Fighting
 17264 | Lair:3   | Found a transporter.
 17379 | Lair:3   | Noticed Vaxualodu's ghost (journeyman GnIE)
 17493 | Lair:3   | Found a transporter.
 18044 | Lair:3   | Killed Vaxualodu's ghost
 18336 | Lair:4   | Received a gift from Okawaru
 18373 | Lair:4   | Found a dark tunnel.
 18388 | Volcano  | Entered a volcano
 19028 | Lair:4   | Noticed an entropy weaver
 19028 | Lair:4   | Noticed an entropy weaver
 19043 | Lair:4   | Killed an entropy weaver
 19201 | Lair:4   | Killed an entropy weaver
 20051 | Lair:5   | Found a staircase to the Slime Pits.
 20055 | Lair:5   | Received a gift from Okawaru
 20155 | Lair:5   | Reached skill level 10 in Armour
 20342 | Lair:5   | Reached XP level 15. HP: 140/142 MP: 22/22
 20615 | Lair:6   | Entered Level 6 of the Lair of Beasts
 20707 | Lair:6   | Received a gift from Okawaru
 20731 | Lair:6   | Got a bloodstained cloak {god gift}
 20732 | Lair:6   | Identified the +0 cloak "Vipnenk" {Int+4} (Okawaru gifted
                  | it to you on level 6 of the Lair of Beasts)
 20754 | Lair:6   | Found a hide-covered altar of Uskayaw.
 21244 | Lair:6   | Found a runed door.
 22292 | D:15     | Entered Level 15 of the Dungeon
 22607 | D:15     | Received a gift from Okawaru
 22620 | D:15     | Got a pair of spiked boots {god gift}
 22621 | D:15     | Identified the -3 pair of boots of Spite {+Inv Str+4}
                  | (Okawaru gifted it to you on level 15 of the Dungeon)
 22652 | D:15     | Found a staircase to the Depths.
 22768 | D:15     | Found a shadowy altar of Dithmenos.
 23542 | Orc:1    | Entered Level 1 of the Orcish Mines
 23570 | Orc:1    | Found a roughly hewn altar of Beogh.
 23697 | Orc:2    | Entered Level 2 of the Orcish Mines
 23697 | Orc:2    | Found a staircase to the Elven Halls.
 23856 | Orc:2    | Reached XP level 16. HP: 135/151 MP: 19/24
 23909 | Orc:2    | Found Qocuudum's General Store.
 23909 | Orc:2    | Found Geirirch's Antique Weapon Emporium.
 23911 | Orc:2    | Found Tacoe's Book Shoppe.
 23913 | Orc:2    | Found Muotu Veuse's Armour Shop.
 24968 | Snake:1  | Entered Level 1 of the Snake Pit
 25109 | Snake:1  | Received a gift from Okawaru
 25148 | Snake:1  | Identified the +5 arbalest "Ilieg" {freeze, rElec rC+
                  | Dex-2} (Okawaru gifted it to you on level 1 of the Snake
                  | Pit)
 25174 | Snake:1  | Noticed Frances
 25186 | Snake:1  | Killed Frances
 25928 | Snake:1  | Noticed Kirke
 25936 | Snake:1  | Killed Kirke
 26816 | Snake:2  | Received a gift from Okawaru
 28466 | Snake:2  | Received a gift from Okawaru
 28656 | Snake:3  | Reached XP level 17. HP: 140/161 MP: 22/25
 29276 | Snake:3  | Found Xirutt's Magic Scroll Boutique.
 29284 | Snake:3  | Bought a scroll of enchant weapon for 127 gold pieces
 30068 | Snake:4  | Entered Level 4 of the Snake Pit
 30500 | Snake:4  | Received a gift from Okawaru
 30851 | Snake:4  | Found Budeoxt's Jewellery Shop.
 30852 | Snake:4  | Found Coynyiko's Gadget Emporium.
 30855 | Snake:4  | Found Ohepootza's Jewellery Shop.
 31189 | Snake:4  | Received a gift from Okawaru
 31994 | Snake:4  | Received a gift from Okawaru
 32080 | Snake:4  | Reached XP level 18. HP: 133/173 MP: 23/27
 32543 | Snake:4  | Got a serpentine rune of Zot
 32762 | Shoals:1 | Entered Level 1 of the Shoals
 32763 | Shoals:1 | Gained mutation: Scrolls take you a little longer to read.
                  | [potion of mutation]
 32763 | Shoals:1 | Gained mutation: You have a pair of large horns on your
                  | head. [potion of mutation]
 32763 | Shoals:1 | Gained mutation: You expend magic power (3 MP) to
                  | strengthen your wands. [potion of mutation]
 32763 | Shoals:1 | Gained mutation: You have large cloven feet. [potion of
                  | mutation]
 32764 | Shoals:1 | Lost mutation: You have large cloven feet. [potion of
                  | mutation]
 32764 | Shoals:1 | Lost mutation: You have a pair of large horns on your head.
                  | [potion of mutation]
 32764 | Shoals:1 | Gained mutation: Your flesh is cold resistant. (rC+)
                  | [potion of mutation]
 32764 | Shoals:1 | Gained mutation: Your muscles are strong. (Str +2) [potion
                  | of mutation]
 32765 | Shoals:1 | Lost mutation: Your muscles are strong. (Str +2) [potion of
                  | mutation]
 32765 | Shoals:1 | Lost mutation: Scrolls take you a little longer to read.
                  | [potion of mutation]
 32765 | Shoals:1 | Lost mutation: You expend magic power (3 MP) to strengthen
                  | your wands. [potion of mutation]
 32765 | Shoals:1 | Gained mutation: You are resistant to hostile enchantments.
                  | (MR+) [potion of mutation]
 32765 | Shoals:1 | Gained mutation: Your muscles are strong. (Str +2) [potion
                  | of mutation]
 32765 | Shoals:1 | Gained mutation: Your flesh is very cold resistant. (rC++)
                  | [potion of mutation]
 33230 | Shoals:1 | Received a gift from Okawaru
 33868 | Shoals:2 | Found Xavvet's Island Escapes.
 33973 | Shoals:2 | Reached skill level 15 in Invocations
 34161 | Shoals:3 | Reached skill level 15 in Armour
 34818 | Shoals:4 | Entered Level 4 of the Shoals
 34958 | Shoals:4 | Received a gift from Okawaru
 34970 | Shoals:4 | Got a barnacled rune of Zot
 35236 | Shoals:4 | Identified the Handbook of the Escort and the Frostbite
 35256 | Shoals:4 | Identified Roxanne's Handbook of Moulding
 35256 | Shoals:4 | Noticed Roxanne
 35299 | Shoals:4 | Killed Roxanne
 35481 | Shoals:4 | Identified the +4 longbow "Kiysudwuam" {velocity, +Fly
                  | rElec Dex+3}
 35740 | Shoals:4 | Reached XP level 19. HP: 173/182 MP: 27/29
 36699 | Vaults:1 | Entered Level 1 of the Vaults
 36879 | Vaults:1 | Found Jeotsi's Magic Scroll Shop.
 36894 | Vaults:1 | Bought a scroll of brand weapon for 240 gold pieces
 36894 | Vaults:1 | Bought a scroll of enchant weapon for 90 gold pieces
 36920 | Vaults:1 | Received a gift from Okawaru
 37087 | Vaults:1 | Reached skill level 5 in Shields
 38105 | Vaults:2 | Found a magical portal.
 38119 | WizLab   | Entered Lehudib's Moon Base
 38341 | WizLab   | Found a transporter.
 38382 | WizLab   | Received a gift from Okawaru
 38385 | WizLab   | Got a crude crystal plate armour {god gift}
 38386 | WizLab   | Identified the +5 crystal plate armour of Xoesuit {Slay+2}
                  | (Okawaru gifted it to you in a wizard's laboratory)
 38871 | WizLab   | Reached XP level 20. HP: 152/193 MP: 27/31
 39099 | WizLab   | Found a transporter.
 39648 | WizLab   | Got a bound iron ring
 39658 | WizLab   | Identified the ring "Coazxuej" {-Tele rPois rF+ Dex+9
                  | Stlth-} (You found it in a wizard's laboratory)
 39675 | WizLab   | Found the +4 moon troll leather armour {Spirit, Regen++
                  | MP+5}
 40078 | Vaults:2 | Cast into level 3 of the Abyss (a Zot trap)
 40112 | Abyss:3  | Received a gift from Okawaru
 40126 | Abyss:3  | Found a hazy altar of Hepliaklqana.
 40137 | Abyss:3  | Found a hazy altar of Hepliaklqana.
 40280 | Vaults:2 | Escaped the Abyss
 41526 | Vaults:3 | Received a gift from Okawaru
 41988 | Vaults:3 | Found a staircase to the Crypt.
 42490 | Vaults:3 | Reached XP level 21. HP: 198/202 MP: 33/33
 43364 | Vaults:4 | Found a large runed door.
 43364 | Vaults:4 | Found a large runed door.
 43430 | Vaults:4 | Identified the +7 chain mail of the Guild-Master {Regen+
                  | Str-3 Slay+2 SInv} (You found it on level 4 of the Vaults)
 43474 | Vaults:4 | Received a gift from Okawaru
 43487 | Vaults:4 | Reached skill level 10 in Shields
 43853 | Vaults:4 | Received a gift from Okawaru
 43924 | Vaults:4 | Noticed MisterFreud's ghost (adept TrMo)
 43951 | Vaults:4 | Killed MisterFreud's ghost
 44080 | Vaults:5 | Entered Level 5 of the Vaults
 44345 | Vaults:5 | Found Noxuzetu's Magic Scroll Shoppe.
 44351 | Vaults:5 | Found Muykk's Magic Scroll Shop.
 44370 | Vaults:5 | Bought a scroll of enchant weapon for 127 gold pieces
 44587 | Vaults:5 | Bought a scroll of blinking for 112 gold pieces
 44662 | Vaults:5 | Found Xaumaefa's Food Boutique.
 44832 | Vaults:5 | Found Few Paus's Distillery.
 44840 | Vaults:5 | Found Omaicyde's Antique Weapon Boutique.
 44890 | Vaults:5 | Found Weahup's Armour Boutique.
 44904 | Vaults:5 | Received a gift from Okawaru
 44910 | Vaults:5 | Identified the +11 hand axe of Disintegration {protect,
                  | MP+9 Dex+4} (Okawaru gifted it to you on level 5 of the
                  | Vaults)
 45020 | Vaults:5 | Reached XP level 22. HP: 167/213 MP: 34/34
 45275 | Vaults:5 | Noticed a golden dragon
 45288 | Vaults:5 | Killed a golden dragon
 45315 | Vaults:5 | Identified a scroll of acquirement
 45316 | Vaults:5 | Got a silver rune of Zot
 45334 | Vaults:5 | Got a heavily runed jade amulet
 45335 | Vaults:5 | Identified the amulet of Nempi {Reflect *Slow rElec rPois
                  | SH+3 Stlth+} (You acquired it on level 5 of the Vaults)
 45725 | Vaults:5 | Bought a scroll of identify for 30 gold pieces
 45725 | Vaults:5 | Bought a scroll of identify for 30 gold pieces
 45725 | Vaults:5 | Bought a scroll of identify for 30 gold pieces
 45725 | Vaults:5 | Bought a scroll of enchant armour for 112 gold pieces
 45725 | Vaults:5 | Bought a scroll of identify for 30 gold pieces
 46103 | Vaults:5 | Identified the +10 bardiche of Supply {elec, Int+4}
 46115 | Vaults:5 | Found the +10 large shield of Ignorance {rN+ Int-4}
 46233 | Vaults:5 | Found Enuet's Food Shoppe.
 46233 | Vaults:5 | Found Zeton's Distillery.
 46244 | Vaults:5 | Bought a potion of heal wounds for 75 gold pieces
 46244 | Vaults:5 | Bought a potion of heal wounds for 75 gold pieces
 46244 | Vaults:5 | Bought 2 potions of heal wounds for 150 gold pieces
 46244 | Vaults:5 | Bought a potion of heal wounds for 75 gold pieces
 46310 | Vaults:5 | Found Kogatreamp's Magic Scroll Shoppe.
 46328 | Vaults:5 | Found Amuce's Magic Scroll Emporium.
 46870 | Temple   | Fell from the grace of Okawaru
 46870 | Temple   | Became a worshipper of the Shining One
 47283 | Crypt:1  | Entered Level 1 of the Crypt
 47515 | Crypt:1  | Reached * piety under the Shining One
 47567 | Crypt:1  | Reached ** piety under the Shining One
 47777 | Crypt:1  | Reached *** piety under the Shining One
 48126 | Crypt:1  | Noticed Aizul
 48129 | Crypt:1  | Reached **** piety under the Shining One
 48139 | Crypt:1  | Killed Aizul
 48464 | Crypt:2  | Reached ***** piety under the Shining One
 48621 | Crypt:2  | Noticed Jory
 48640 | Crypt:2  | Killed Jory
 48827 | Crypt:2  | Identified the +3 shortbow "Pihiech" {venom, rElec Int+2
                  | SInv Stlth+} (You found it on level 2 of the Crypt)
 49115 | Crypt:3  | Entered Level 3 of the Crypt
 49123 | Crypt:3  | Reached ****** piety under the Shining One
 49168 | Crypt:3  | Identified a +9 broad axe of holy wrath (a +9 broad axe of
                  | freezing blessed by the Shining One)
 49168 | Crypt:3  | Received a gift from the Shining One
 49198 | Crypt:3  | Reached XP level 23. HP: 222/222 MP: 36/36
 49211 | Crypt:3  | Found an ancient bone altar of Kikubaaqudgha.
 49705 | Crypt:3  | Identified the +3 plate armour of the Neverending Lives
                  | {*Slow rN+ Int+4} (You found it on level 3 of the Crypt)
 50309 | Crypt:3  | Identified the amulet "Jieker" {Reflect rElec rF+ MR- Dex+6
                  | SH+3} (You found it on level 3 of the Crypt)
 50530 | Crypt:3  | Found a staircase to the Tomb.
 50530 | Crypt:3  | Noticed Khufu
 50541 | Crypt:3  | Killed Khufu
 51183 | Elf:1    | Entered Level 1 of the Elven Halls
 51194 | Elf:1    | Noticed Louise
 51234 | Elf:1    | Killed Louise
 52286 | Orc:2    | Was forgiven by Okawaru
 52490 | Elf:1    | Cast into level 3 of the Abyss (a deep elf demonologist)
 52491 | Abyss:3  | Found a corrupted altar of Lugonu.
 52805 | Abyss:4  | Paralysed by accursed screaming for 1 turns
 53011 | Abyss:4  | Gained mutation: You expend magic power (3 MP) to
                  | strengthen your wands. [a neqoxec]
 53037 | Abyss:4  | Reached XP level 24. HP: 233/233 MP: 36/36
 53094 | Abyss:4  | Found a corrupted altar of Lugonu.
 53307 | Abyss:4  | Found a corrupted altar of Lugonu.
 53342 | Abyss:5  | Entered Level 5 of the Abyss
 53632 | Abyss:5  | Paralysed by accursed screaming for 1 turns
 53862 | Abyss:5  | Reached skill level 15 in Shields
 53979 | Abyss:5  | Reached skill level 27 in Axes
 54120 | Abyss:5  | Reached skill level 1 in Dodging
 54126 | Abyss:5  | Paralysed by accursed screaming for 2 turns
 54289 | Abyss:5  | Gained mutation: You are frail. (-10% HP) [a neqoxec]
 54322 | Abyss:5  | Reached XP level 25. HP: 203/218 MP: 35/37
 54487 | Abyss:5  | Gained mutation: You occasionally shout uncontrollably at
                  | your foes. [a neqoxec]
 54488 | Elf:1    | Escaped the Abyss
 55339 | Elf:2    | Found a runed gate.
 55339 | Elf:2    | Found a runed gate.
 55340 | Elf:2    | Found a runed gate.
 55600 | Elf:2    | Reached skill level 5 in Dodging
 55884 | Elf:3    | Entered Level 3 of the Elven Halls
 56089 | Elf:3    | Found Carhow's Antique Armour Shop.
 56366 | Elf:3    | Identified the amulet "Akhloukhly" {RegenMP Str+4 Stlth+}
 56410 | Elf:3    | Identified the +3 long sword of Quantum Leap {vamp, rN+}
 56410 | Elf:3    | Identified the ring "Wawarei" {Fire rN++ Int+3 Dex+3}
 56445 | Elf:3    | Identified the +9 whip "Undertaker" {venom, +Rage +Inv
                  | Str+3}
 56638 | Elf:3    | Found the +1 cloak of Starlight {rElec rC+ EV+4 Stlth--}
 56674 | Elf:3    | Found the +7 longbow "Piercer" {penet, EV-2}
 57544 | Depths:1 | Entered Level 1 of the Depths
 57716 | Depths:1 | Reached XP level 26. HP: 227/227 MP: 37/37
 57733 | Depths:1 | Found a gateway to Hell.
 57873 | Depths:1 | Found Hootiquf's Jewellery Boutique.
 57873 | Depths:1 | Found Balohi's Weapon Shop.
 57905 | Depths:1 | Bought the ring of Jatynogu {rElec rF+ Str-3 Dex+3 SInv}
                  | for 691 gold pieces
 58036 | Depths:1 | Found a shimmering altar of Xom.
 58322 | Depths:2 | Lost mutation: You are resistant to hostile enchantments.
                  | (MR+) [potion of mutation]
 58322 | Depths:2 | Lost mutation: You occasionally shout uncontrollably at
                  | your foes. [potion of mutation]
 58322 | Depths:2 | Gained mutation: Armour fits poorly on your strangely
                  | shaped body. [potion of mutation]
 58322 | Depths:2 | Gained mutation: Your muscles are very strong. (Str +4)
                  | [potion of mutation]
 58323 | Depths:2 | Lost mutation: You are frail. (-10% HP) [potion of
                  | mutation]
 58323 | Depths:2 | Lost mutation: Armour fits poorly on your strangely shaped
                  | body. [potion of mutation]
 58323 | Depths:2 | Lost mutation: Your muscles are very strong. (Str +4)
                  | [potion of mutation]
 58323 | Depths:2 | Lost mutation: Your flesh is very cold resistant. (rC++)
                  | [potion of mutation]
 58323 | Depths:2 | Gained mutation: You tend to lose your temper in combat.
                  | [potion of mutation]
 58323 | Depths:2 | Gained mutation: Your flesh is very cold resistant. (rC++)
                  | [potion of mutation]
 58324 | Depths:2 | Lost mutation: You expend magic power (3 MP) to strengthen
                  | your wands. [potion of mutation]
 58324 | Depths:2 | Lost mutation: You tend to lose your temper in combat.
                  | [potion of mutation]
 58324 | Depths:2 | Lost mutation: Your muscles are strong. (Str +2) [potion of
                  | mutation]
 58324 | Depths:2 | Gained mutation: Potions are less effective at restoring
                  | your health. [potion of mutation]
 58324 | Depths:2 | Gained mutation: You passively map a small area around you.
                  | [potion of mutation]
 58324 | Depths:2 | Gained mutation: Your movements are slightly less
                  | encumbered by armour. (ER -2) [potion of mutation]
 58324 | Depths:2 | Gained mutation: You have sharp toenails. [potion of
                  | mutation]
 58325 | Depths:2 | Lost mutation: You have sharp toenails. [potion of
                  | mutation]
 58325 | Depths:2 | Lost mutation: Your flesh is very cold resistant. (rC++)
                  | [potion of mutation]
 58325 | Depths:2 | Lost mutation: You passively map a small area around you.
                  | [potion of mutation]
 58325 | Depths:2 | Lost mutation: Your flesh is cold resistant. (rC+) [potion
                  | of mutation]
 58325 | Depths:2 | Gained mutation: Armour fits poorly on your strangely
                  | shaped body. [potion of mutation]
 58325 | Depths:2 | Gained mutation: You have sharp toenails. [potion of
                  | mutation]
 58326 | Depths:2 | Lost mutation: Armour fits poorly on your strangely shaped
                  | body. [potion of mutation]
 58326 | Depths:2 | Gained mutation: Your magical capacity is low. (-10% MP)
                  | [potion of mutation]
 58326 | Depths:2 | Gained mutation: You are clumsy. (Dex -2) [potion of
                  | mutation]
 58326 | Depths:2 | Gained mutation: Your mind is acute. (Int +2) [potion of
                  | mutation]
 58327 | Depths:2 | Lost mutation: Potions are less effective at restoring your
                  | health. [potion of mutation]
 58327 | Depths:2 | Lost mutation: Your magical capacity is low. (-10% MP)
                  | [potion of mutation]
 58327 | Depths:2 | Lost mutation: Your mind is acute. (Int +2) [potion of
                  | mutation]
 58327 | Depths:2 | Lost mutation: You are clumsy. (Dex -2) [potion of
                  | mutation]
 58327 | Depths:2 | Gained mutation: You expend magic power (3 MP) to
                  | strengthen your wands. [potion of mutation]
 58327 | Depths:2 | Gained mutation: Your system is resistant to poisons.
                  | (rPois) [potion of mutation]
 58327 | Depths:2 | Gained mutation: You are dopey. (Int -2) [potion of
                  | mutation]
 58327 | Depths:2 | Gained mutation: You are agile. (Dex +2) [potion of
                  | mutation]
 58824 | Depths:2 | Noticed Saint Roka
 58837 | Depths:2 | Killed Saint Roka
 59180 | Depths:2 | Found a runed door.
 59523 | Depths:2 | Noticed a juggernaut
 59704 | Depths:2 | Identified the Disquisition on Shifting Snow
 59717 | Depths:2 | Found a one-way gate to the infinite horrors of the Abyss.
 59815 | Depths:2 | Identified the Catalogue of Sinister Ice
 59858 | Depths:2 | Voluntarily entered the Abyss.
 60707 | Abyss:2  | Paralysed by accursed screaming for 1 turns
 60792 | Abyss:4  | Found an iron altar of Okawaru.
 60879 | Abyss:4  | Reached skill level 10 in Dodging
 61026 | Abyss:4  | Gained mutation: You are very weak. (Str -4) [a neqoxec]
 61027 | Abyss:4  | Lost mutation: You are agile. (Dex +2) [a neqoxec]
 61036 | Abyss:4  | Reached XP level 27. HP: 248/262 MP: 38/38
 61089 | Abyss:4  | Got an abyssal rune of Zot
 61670 | Abyss:4  | Found a corrupted altar of Lugonu.
 61680 | Depths:2 | Escaped the Abyss
 61681 | Depths:2 | Lost mutation: You expend magic power (3 MP) to strengthen
                  | your wands. [potion of mutation]
 61681 | Depths:2 | Lost mutation: You are dopey. (Int -2) [potion of mutation]
 61681 | Depths:2 | Gained mutation: You possess an exceptional clarity of
                  | mind. [potion of mutation]
 61681 | Depths:2 | Gained mutation: Your flesh is heat resistant. (rF+)
                  | [potion of mutation]
 62135 | Depths:3 | Found a corrupted altar of Lugonu.
 62171 | Depths:3 | Found a one-way gate leading to the halls of Pandemonium.
 62214 | Depths:3 | Found a gateway to a ziggurat.
 62995 | Depths:4 | Found Plog's Antique Armour Shoppe.
 63041 | Depths:4 | Found a white marble altar of Elyvilon.
 63223 | Depths:4 | Identified the amulet "Oxucsasmuy" {RegenMP Int+4 Dex+3}
                  | (You acquired it on level 4 of the Depths)
 63389 | Depths:4 | Found a stormy altar of Qazlal.
 63458 | Depths:4 | Found a basalt altar of Yredelemnul.
 63597 | Depths:4 | Found an ornate altar of the Wu Jian Council.
 63977 | Depths:5 | Entered Level 5 of the Depths
 64080 | Depths:5 | Noticed Xtahua
 64096 | Depths:5 | Killed Xtahua
 64465 | Depths:5 | Noticed Frederick
 64476 | Depths:5 | Killed Frederick
 64714 | Depths:5 | Found a gate to the Realm of Zot.
 64780 | Zig:1    | Entered Level 1 of a ziggurat
 64808 | Zig:2    | Entered Level 2 of a ziggurat
 64835 | Zig:3    | Entered Level 3 of a ziggurat
 64838 | Zig:3    | Noticed Jippuesues the pandemonium lord
 64848 | Zig:3    | Killed Jippuesues the pandemonium lord
 64866 | Zig:4    | Entered Level 4 of a ziggurat
 64916 | Zig:5    | Entered Level 5 of a ziggurat
 64977 | Zig:6    | Entered Level 6 of a ziggurat
 65001 | Zig:6    | Identified Soevyam's Reference Book on Feathery Ice
 65007 | Zig:6    | Identified Asmodeus's Incunabulum of Combat Magic and
                  | Slavery
 65018 | Zig:7    | Entered Level 7 of a ziggurat
 65078 | Zig:7    | Gained mutation: Your body sometimes deteriorates upon
                  | taking damage. [a shining eye]
 65089 | Zig:7    | Gained mutation: You are clumsy. (Dex -2) [a shining eye]
 65094 | Zig:7    | Gained mutation: You are dopey. (Int -2) [a shining eye]
 65359 | Zig:8    | Entered Level 8 of a ziggurat
 65367 | Zig:8    | Found the +2 shield of Resistance {rF+ rC+ MR+}
 65383 | Zig:8    | Found the +0 sword of Power
 65416 | Zig:8    | Identified the +2 long sword of the Eel {freeze, rPois MR+}
                  | (You found it on level 8 of a ziggurat)
 65422 | Zig:9    | Entered Level 9 of a ziggurat
 65423 | Zig:9    | Lost mutation: You possess an exceptional clarity of mind.
                  | [potion of mutation]
 65423 | Zig:9    | Lost mutation: You are weak. (Str -2) [potion of mutation]
 65423 | Zig:9    | Lost mutation: You are dopey. (Int -2) [potion of mutation]
 65423 | Zig:9    | Lost mutation: You are clumsy. (Dex -2) [potion of
                  | mutation]
 65423 | Zig:9    | Gained mutation: You evolve. [potion of mutation]
 65504 | Zig:10   | Entered Level 10 of a ziggurat
 65511 | Zig:10   | Noticed Afiwn the pandemonium lord
 65518 | Zig:10   | Killed Afiwn the pandemonium lord
 65544 | Zig:10   | Reached skill level 27 in Invocations
 65550 | Zig:11   | Entered Level 11 of a ziggurat
 65558 | Zig:11   | Noticed an orb of fire
 65558 | Zig:11   | Noticed an orb of fire
 65561 | Zig:11   | Gained mutation: You are clumsy. (Dex -2) [an orb of fire]
 65569 | Zig:11   | Gained mutation: Your body often deteriorates upon taking
                  | damage. [an orb of fire]
 65573 | Zig:11   | Gained mutation: Scrolls take you a little longer to read.
                  | [an orb of fire]
 65575 | Zig:11   | Gained mutation: Your magical capacity is low. (-10% MP)
                  | [an orb of fire]
 65575 | Zig:11   | Gained mutation: You are frail. (-10% HP) [an orb of fire]
 65577 | Zig:11   | Killed an orb of fire
 65580 | Zig:11   | Gained mutation: You are very frail. (-20% HP) [an orb of
                  | fire]
 65581 | Zig:11   | Killed an orb of fire
 65622 | Zig:11   | Lost mutation: You evolve. [potion of mutation]
 65622 | Zig:11   | Lost mutation: Your body often deteriorates upon taking
                  | damage. [potion of mutation]
 65622 | Zig:11   | Lost mutation: You have sharp toenails. [potion of
                  | mutation]
 65622 | Zig:11   | Gained mutation: You are resistant to electric shocks.
                  | (rElec) [potion of mutation]
 65624 | Zig:11   | Lost mutation: Your system is resistant to poisons. (rPois)
                  | [potion of mutation]
 65624 | Zig:11   | Lost mutation: Scrolls take you a little longer to read.
                  | [potion of mutation]
 65624 | Zig:11   | Lost mutation: Your magical capacity is low. (-10% MP)
                  | [potion of mutation]
 65624 | Zig:11   | Lost mutation: You are very frail. (-20% HP) [potion of
                  | mutation]
 65624 | Zig:11   | Gained mutation: You occasionally shout uncontrollably at
                  | your foes. [potion of mutation]
 65624 | Zig:11   | Lost mutation: You are clumsy. (Dex -2) [potion of
                  | mutation]
 65625 | Zig:11   | Lost mutation: You are frail. (-10% HP) [potion of
                  | mutation]
 65625 | Zig:11   | Lost mutation: Your movements are slightly less encumbered
                  | by armour. (ER -2) [potion of mutation]
 65625 | Zig:11   | Lost mutation: Your body sometimes deteriorates upon taking
                  | damage. [potion of mutation]
 65625 | Zig:11   | Gained mutation: Your flesh is very heat resistant. (rF++)
                  | [potion of mutation]
 65625 | Zig:11   | Gained mutation: You are weak. (Str -2) [potion of
                  | mutation]
 65625 | Zig:11   | Gained mutation: You have supernaturally acute eyesight.
                  | (SInv) [potion of mutation]
 65747 | Zig:11   | Got a scorched iron amulet
 65748 | Zig:11   | Identified the amulet of Vaciac {Reflect Str+3 SH+5} (You
                  | found it on level 11 of a ziggurat)
 65889 | Zig:12   | Entered Level 12 of a ziggurat
 66225 | Zig:12   | Found the +9 staff of Wucad Mu {channel}
 66239 | Zig:12   | Got a flickering glass ring
 66240 | Zig:12   | Identified the ring "Zudoarin" {rCorr Int+2} (You found it
                  | on level 12 of a ziggurat)
 66269 | Zig:13   | Entered Level 13 of a ziggurat
 66331 | Zig:14   | Entered Level 14 of a ziggurat
 66342 | Zig:14   | Noticed an ancient lich
 66344 | Zig:14   | Found the +8 frozen axe "Frostbite" {freezing cloud, *Noise
                  | +Fly rC+}
 66355 | Zig:14   | Killed an ancient lich
 66388 | Zig:14   | Reached skill level 27 in Fighting
 66539 | Zig:15   | Entered Level 15 of a ziggurat
 66546 | Zig:15   | Paralysed by a floating eye for 3 turns
 66556 | Zig:15   | Reached skill level 1 in Evocations
 66556 | Zig:15   | Gained mutation: Your spells are a little easier to cast,
                  | but a little less powerful. [a shining eye]
 66563 | Zig:15   | Paralysed by a floating eye for 2 turns
 66572 | Zig:15   | Reached skill level 15 in Dodging
 66877 | Zig:15   | Identified the +1 cloak of Circular Logic {rElec Regen+
                  | Str-2} (You found it on level 15 of a ziggurat)
 66908 | Zig:16   | Entered Level 16 of a ziggurat
 67034 | Zig:16   | Identified the ring "Him Fiw" {*Corrode rF+++ MR- Dex+2
                  | SInv} (You found it on level 16 of a ziggurat)
 67133 | Zig:17   | Entered Level 17 of a ziggurat
 67214 | Zig:17   | Identified the Incunabulum of Shifting Stones
 67217 | Zig:17   | Identified the ring of Cel Muna {rElec rPois rF+ Slay-4
                  | SInv} (You found it on level 17 of a ziggurat)
 67533 | Slime:1  | Entered Level 1 of the Pits of Slime
 67538 | Slime:1  | Gained mutation: Your body sometimes deteriorates upon
                  | taking damage. [a shining eye]
 67541 | Slime:1  | Gained mutation: You are clumsy. (Dex -2) [a shining eye]
 67563 | Slime:1  | Reached skill level 5 in Evocations
 67671 | Slime:2  | Gained mutation: You are dopey. (Int -2) [a shining eye]
 67673 | Slime:2  | Gained mutation: You are frail. (-10% HP) [a shining eye]
 67676 | Slime:2  | Gained mutation: You are very frail. (-20% HP) [a shining
                  | eye]
 67678 | Slime:2  | Gained mutation: You are very dopey. (Int -4) [a shining
                  | eye]
 67721 | Slime:2  | Lost mutation: You are clumsy. (Dex -2) [potion of
                  | mutation]
 67721 | Slime:2  | Lost mutation: Your body sometimes deteriorates upon taking
                  | damage. [potion of mutation]
 67721 | Slime:2  | Lost mutation: Your spells are a little easier to cast, but
                  | a little less powerful. [potion of mutation]
 67721 | Slime:2  | Lost mutation: Your flesh is very heat resistant. (rF++)
                  | [potion of mutation]
 67721 | Slime:2  | Gained mutation: You are partially covered in iridescent
                  | scales. (AC +2) [potion of mutation]
 67736 | Slime:3  | Noticed Dissolution
 67746 | Slime:3  | Killed Dissolution
 67848 | Slime:5  | Entered Level 5 of the Pits of Slime
 68107 | Slime:5  | Noticed the Royal Jelly
 68133 | Slime:5  | Killed the Royal Jelly
 68346 | Slime:5  | Found the +11 plutonium sword {*Contam Stlth-}
 68398 | Slime:5  | Identified the +5 shield of Wonder {rC+ Stlth+} (You found
                  | it on level 5 of the Pits of Slime)
 68419 | Slime:5  | Got a serpentine steel ring
 68420 | Slime:5  | Identified the ring "Boihaizo" {rElec rF+ Str+5 Int+3
                  | Dex-5} (You found it on level 5 of the Pits of Slime)
 68421 | Slime:5  | Identified Emaful's Almanac of Supportive Flight
 68425 | Slime:5  | Identified the ring of Hator {+Inv +Fly rF+ Dex+3} (You
                  | found it on level 5 of the Pits of Slime)
 68449 | Slime:5  | Got a slimy rune of Zot
 68475 | Slime:5  | Identified the cursed +1 crystal plate armour of Gaerup
                  | {Regen+ Int+6 Dex+9 Slay-5} (You found it on level 5 of the
                  | Pits of Slime)
 68597 | Slime:5  | Paralysed by a floating eye for 4 turns
 68611 | Slime:5  | Gained mutation: You are clumsy. (Dex -2) [a shining eye]
 68677 | Lair:5   | Lost mutation: You occasionally shout uncontrollably at
                  | your foes. [potion of mutation]
 68677 | Lair:5   | Lost mutation: Your flesh is heat resistant. (rF+) [potion
                  | of mutation]
 68677 | Lair:5   | Gained mutation: Potions are less effective at restoring
                  | your health. [potion of mutation]
 68677 | Lair:5   | Lost mutation: You are clumsy. (Dex -2) [potion of
                  | mutation]
 68677 | Lair:5   | Gained mutation: Your flesh is heat resistant. (rF+)
                  | [potion of mutation]
 68680 | Lair:5   | Lost mutation: You are resistant to electric shocks.
                  | (rElec) [potion of mutation]
 68680 | Lair:5   | Lost mutation: You are weak. (Str -2) [potion of mutation]
 68680 | Lair:5   | Lost mutation: You are partially covered in iridescent
                  | scales. (AC +2) [potion of mutation]
 68680 | Lair:5   | Gained mutation: You are somewhat resistant to further
                  | mutation. [potion of mutation]
 68680 | Lair:5   | Gained mutation: You expend magic power (3 MP) to
                  | strengthen your wands. [potion of mutation]
 68681 | Lair:5   | Lost mutation: You are very frail. (-20% HP) [potion of
                  | mutation]
 68681 | Lair:5   | Lost mutation: You expend magic power (3 MP) to strengthen
                  | your wands. [potion of mutation]
 68681 | Lair:5   | Lost mutation: You are frail. (-10% HP) [potion of
                  | mutation]
 68682 | Lair:5   | Lost mutation: Your flesh is heat resistant. (rF+) [potion
                  | of mutation]
 68682 | Lair:5   | Lost mutation: You are very dopey. (Int -4) [potion of
                  | mutation]
 68682 | Lair:5   | Gained mutation: Your flesh is cold resistant. (rC+)
                  | [potion of mutation]
 68683 | Lair:5   | Lost mutation: Your flesh is cold resistant. (rC+) [potion
                  | of mutation]
 68683 | Lair:5   | Lost mutation: You are somewhat resistant to further
                  | mutation. [potion of mutation]
 68683 | Lair:5   | Gained mutation: You do not regenerate when monsters are
                  | visible. [potion of mutation]
 68683 | Lair:5   | Gained mutation: You are very dopey. (Int -4) [potion of
                  | mutation]
 68683 | Lair:5   | Gained mutation: You are frail. (-10% HP) [potion of
                  | mutation]
 68683 | Lair:5   | Gained mutation: Your muscles are strong. (Str +2) [potion
                  | of mutation]
 69086 | Hell     | Entered the Vestibule of Hell
 69086 | Hell     | Noticed Geryon
 69138 | Hell     | Killed Geryon
 69223 | Hell     | Found a gateway to the decaying netherworld of Tartarus.
 69342 | Hell     | Found a gateway to the ashen valley of Gehenna.
 69492 | Hell     | Found a gateway to the Iron City of Dis.
 69541 | Hell     | Found a gateway to the freezing wastes of Cocytus.
 69577 | Coc:1    | Entered Level 1 of Cocytus
 69987 | Coc:1    | Gained mutation: Your magical capacity is low. (-10% MP)
                  | [mutagenic glow]
 70170 | Coc:1    | Reached skill level 10 in Evocations
 70358 | Coc:2    | You fall through a shaft!
 70861 | Coc:7    | Entered Level 7 of Cocytus
 71706 | Coc:7    | Got a heavily runed marble ring
 71707 | Coc:7    | Identified the ring of Cuosoil {rCorr rC+ Str+4} (You found
                  | it on level 7 of Cocytus)
 71781 | Coc:7    | Reached skill level 27 in Armour
 71922 | Coc:7    | Noticed Antaeus
 71938 | Coc:7    | HP: 7/245 [Antaeus (8)]
 71945 | Coc:7    | HP: 3/245 [Antaeus (14)]
 71945 | Coc:7    | The Shining One protects you from harm!
 71948 | Coc:7    | Killed Antaeus
 72003 | Coc:7    | Got an icy rune of Zot
 72266 | Tar:1    | Entered Level 1 of Tartarus
 73593 | Tar:7    | Entered Level 7 of Tartarus
 73828 | Tar:7    | Gained mutation: Your magical capacity is very low. (-20%
                  | MP) [mutagenic glow]
 73848 | Tar:7    | Reached skill level 15 in Evocations
 73859 | Tar:7    | Noticed an ancient lich
 73870 | Tar:7    | Killed an ancient lich
 73883 | Tar:7    | Gained mutation: Your body sometimes deteriorates upon
                  | taking damage. [mutagenic glow]
 73917 | Tar:7    | Noticed Ereshkigal
 73941 | Tar:7    | Killed Ereshkigal
 74016 | Tar:7    | Lost intelligence.
 74067 | Tar:7    | Lost intelligence.
 74105 | Tar:7    | Got a bone rune of Zot
 74228 | Tar:7    | Paralysed by a lich for 7 turns
 74722 | Dis:1    | Entered Level 1 of the Iron City of Dis
 74990 | Dis:1    | Found a huge runed gate.
 74990 | Dis:1    | Found a huge runed gate.
 74990 | Dis:1    | Found a huge runed gate.
 74990 | Dis:1    | Found a huge runed gate.
 74990 | Dis:1    | Found a huge runed gate.
 74990 | Dis:1    | Found a huge runed gate.
 74990 | Dis:1    | Found a huge runed gate.
 74991 | Dis:1    | Found a huge runed gate.
 74991 | Dis:1    | Found a huge runed gate.
 74991 | Dis:1    | Found a huge runed gate.
 74991 | Dis:1    | Found a huge runed gate.
 75003 | Dis:1    | Found a huge runed gate.
 75005 | Dis:1    | Found a huge runed gate.
 75006 | Dis:1    | Found a huge runed gate.
 75019 | Dis:1    | Found a huge runed gate.
 75019 | Dis:1    | Found a huge runed gate.
 75019 | Dis:1    | Found a huge runed gate.
 75020 | Dis:1    | Found a huge runed gate.
 75020 | Dis:1    | Found a huge runed gate.
 75021 | Dis:1    | Found a huge runed gate.
 75030 | Dis:1    | Found a huge runed gate.
 75030 | Dis:1    | Found a huge runed gate.
 75047 | Dis:1    | Found a huge runed gate.
 75266 | Dis:2    | Reached skill level 27 in Shields
 75906 | Dis:3    | Found a huge runed gate.
 75906 | Dis:3    | Found a huge runed gate.
 75906 | Dis:3    | Found a huge runed gate.
 75906 | Dis:3    | Found a huge runed gate.
 75910 | Dis:3    | Found a huge runed gate.
 75911 | Dis:3    | Found a huge runed gate.
 75912 | Dis:3    | Found a huge runed gate.
 75913 | Dis:3    | Found a huge runed gate.
 75914 | Dis:3    | Found a huge runed gate.
 75915 | Dis:3    | Found a huge runed gate.
 76277 | Dis:4    | Found a burning altar of Makhleb.
 76361 | Dis:7    | Entered Level 7 of the Iron City of Dis
 77013 | Dis:7    | Noticed the Serpent of Hell
 77044 | Dis:7    | HP: 9/245 [Ice Fiend/bolt of cold (8)]
 77045 | Dis:7    | HP: 1/245 [Ice Fiend/bolt of cold (5)]
 77047 | Dis:7    | Slain by an Ice Fiend

Vault maps used:
D:1:      saegor_arrival_under_anarchy, eino_curves_04
D:2:      uniq_natasha
D:3:      cheibrodos_fertilizer, uniq_grinder
D:4:      amethyst_overflow_temple_binary
D:5:      minmay_temple_entry_glass, first_ration, serial_shops, shop_statue
D:6:      grunt_temple_overflow_order_and_chaos_1, minitemple, serial_shops,
          nicolae_shop_window_shopping, minivault_27
D:7:      lemuel_bear_cage
D:9:      cheibrodos_frozen_isle, zombieorc2_lemuel, gammafunk_ghost_grave
D:10:     grunt_lair_entry_orc_guard_hut, serial_shops, shop, shop,
          david_nohive_1
D:11:     basic_altar, serial_glass, glass_columns_a, glass_columns_b,
          uniq_erolcha
D:12:     minmay_the_grid_triangle_9x9_recursive_2, grunt_dithmenos_shadows
D:13:     david_vaults_2, columned_hall_lemuel, uniq_rupert
D:14:     kennysheep_cross_room, portal_ice_cave_rime, minmay_item_behind_shaft
D:15:     hangedman_depths_entry_civil_slaughter,
          hangedman_abyss_or_decor_passed, lemuel_oklob_altar
Temple:   minmay_temple_bridge_d
Lair:1:   uniq_erica
Lair:2:   minmay_shoals_entry_lonely_mermaid, minmay_snake_entry_guardpost_small
Lair:3:   gammafunk_ghost_arena
Lair:4:   nicolae_volcano_entry_two_sided, serial_forest,
          infiniplex_forest_3_way, infiniplex_forest_lined_room_,
          infiniplex_forest_clump_cross, infiniplex_forest_lined_room_3,
          infiniplex_forest_straight_1, infiniplex_forest_zigzag_1,
          infiniplex_forest_zigzag_1, infiniplex_forest_clump_double,
          infiniplex_forest_straight_2, minmay_another_anthill
Lair:5:   minmay_slime_entry_pillars, cheibrodos_lair_reptile_den
Lair:6:   hangedman_lair_tendril_chambers, wormcave, basic_altar,
          chequers_serial_rivers_micro_d
Shoals:2: nicolae_island_escapes
Shoals:4: shoals_end_grunt_ice, uniq_roxanne
Snake:1:  serial_bayou_shore_a, grunt_megastairs_4, uniq_frances, uniq_kirke
Snake:2:  nicolae_cobra_stairs, spider_trap, st_stairs_1
Snake:3:  serial_shops, nicolae_shop_waterfront
Snake:4:  grunt_snake_rune_serpentine_throne, minmay_shop_grove
Slime:3:  dissolution_awaits
Orc:1:    mines1_david
Orc:2:    st_orc_rangers
Elf:1:    orc_legates, evilmike_ambush, uniq_louise
Elf:3:    nooodl_elf_gasket, serial_shops, shop
Vaults:1: nicolae_vaults_diagonal_hallway_6, nicolae_vaults_stairing_the_circle,
          nicolae_vaults_border_crossing, v_alt_pattern_3,
          grunt_vaults_hallway_short, ontoclasm_vaults_decontamination,
          nicolae_vaults_big_angled_halls, hangedman_vaults_capsules,
          nicolae_vaults_mini_display_case, vaults_room_stairs_pillars,
          vaults_room_fours, dpeg_vaults_monster_box, serial_shops, shop
Vaults:2: nicolae_vaults_quadrants, ontoclasm_vaults_tryst,
          nicolae_vaults_sealed_display, v_alt_pattern_3, v_misc_16,
          dpeg_vaults_monster_row, ontoclasm_vaults_ligature, vaults_room_fours,
          nicolae_vaults_shelves_hall, infiniplex_enter_wizlab_glasses
Vaults:3: hangedman_vaults_nails, nicolae_vaults_three_branches, v_misc_4,
          blue_anna_dwarven_crypt, hangedman_vaults_nails,
          ontoclasm_vaults_chip, v_misc_29, vaults_room_hangedman_quadrants,
          grunt_vaults_hallway_short, nicolae_vaults_specimen_jars,
          vaults_room_ringed_pool, nicolae_vaults_little_squares_2,
          ontoclasm_vaults_loading_screen, v_misc_19, vaults_dpeg_ring,
          nicolae_vaults_little_squares_6
Vaults:4: ebering_vaults_ghost_disaster_area, nicolae_vaults_network_quincunx,
          v_alt_pattern_6, v_pattern_4, hangedman_vaults_corner_blocks,
          nicolae_vaults_gold_heap, ontoclasm_vaults_fault,
          nicolae_vaults_diagonal_hallway_7, st_more_cells, vaults_dpeg_hooks,
          ontoclasm_vaults_chip, v_misc_31, hangedman_vaults_corner,
          grunt_vaults_hallway_long
Vaults:5: serial_shops
Crypt:1:  uniq_aizul
Crypt:2:  item_on_display_a, uniq_jory
Crypt:3:  grunt_crypt_end_deaths_head
Depths:1: serial_shops, bzr_entry_safe, hellmouth_3, tgw_xom, minmay_shoptagon
Depths:2: box_level_dp, serial_shops, abyss_entry, hell_entry, uniq_saint_roka
Depths:3: minmay_connected_triangles_in_corner, enter_ziggurat_a,
          grunt_pan_entry_sceptre, abyss_entry_flame_altar, hell_entry,
          grunt_ministairs_12, infiniplex_staircase_split_hallway
Depths:4: hangedman_box_tower, minmay_misc_feat_encased, abyss_entry,
          hangedman_tar_grid_catacomb, serial_shops, nicolae_shop_trees
Depths:5: grunt_zot_entry_gee_three, hangedman_abyss_entry_splay,
          grunt_hell_entry_dis_mu, grunt_decor_fettered, chequers_jeans,
          uniq_xtahua, uniq_frederick
Dis:1:    door_vault
Dis:2:    grunt_megastairs_2
Dis:3:    door_vault
Dis:4:    kennysheep_iron_temple
Dis:7:    dis_grunt_layers
Coc:7:    coc_dpeg
Tar:1:    lemuel_nasty_pond
Tar:5:    grunt_deathspiral_small, nicolae_tar_cuneiform_water
Tar:6:    nicolae_tar_cuneiform_to_be
Tar:7:    tar_old
Abyss:2:  minivault_20
Abyss:3:  hangedman_abyss_or_decor_lesser_grid, evilmike_abyss_exit_9,
          hangedman_abyss_rune_macabre_mess, evilmike_abyss_exit_6,
          evilmike_abyss_exit_mutagenic, evilmike_abyss_rune_tso_outpost,
          evilmike_abyss_exit_16, hangedman_abyss_or_decor_clamps
Abyss:4:  hangedman_eye_storm, hangedman_abyss_or_decor_slice,
          hangedman_grunt_abyss_rune_horror_hoard, minivault_13,
          nicolae_abyss_rune_left_handed
Abyss:5:  evilmike_abyss_exit_17,
          evilmike_nicolae_abyss_rune_betentacled_crabyss
Zig:7:    ziggurat_pillar_centre_dead_trees
Zig:13:   ziggurat_pillar_centre_oklobs
IceCv:    ice_cave_small_giant
Volcano:  volcano_village
WizLab:   wizlab_lehudib

Skill      XL: |  1  2  3  4  5  6  7  8  9 10 11 12 13 14 15 16 17 18 19 20 21 22 23 24 25 26 27 |
---------------+----------------------------------------------------------------------------------+-----
Axes           | 3 4 5 6 7 9 11 13 15 16 18 19 20 21 22 23 24 25 26 27 | 27.0
Fighting       | 4 5 6 7 8 10 11 12 13 14 15 16 17 18 19 20 21 22 23 24 27 | 27.0
Invocations    | 2 5 7 8 10 11 12 13 14 15 17 18 19 20 21 22 23 24 27 | 27.0
Armour         | 5 8 10 11 13 14 15 16 17 18 19 20 21 22 27 | 27.0
Shields        | 7 9 11 12 14 15 16 18 27 | 27.0
Dodging        | 3 7 10 24 | 24.3
Evocations     | 18 | 18.3

Action                   |  1- 3 |  4- 6 |  7- 9 | 10-12 | 13-15 | 16-18 | 19-21 | 22-24 | 25-27 || total
-------------------------+-------+-------+-------+-------+-------+-------+-------+-------+-------++-------
Melee: War axe           |     9 |       |       |       |       |       |       |       |       ||     9
       Hand axe          |    81 |   146 |   479 |   490 |       |       |       |       |       ||  1196
       Headbutt          |    12 |    19 |   111 |   220 |   350 |   331 |   327 |   493 |  1400 ||  3263
       Unarmed           |       |     1 |       |       |       |       |       |       |       ||     1
       Broad axe         |       |       |       |    84 |   979 |  1092 |   924 |  1495 |  4304 ||  8878
       Mace              |       |       |       |       |    28 |       |       |       |       ||    28
Invok: Heroism           |       |       |       |     1 |     3 |       |     1 |       |       ||     5
       Finesse           |       |       |       |       |       |     1 |     1 |       |       ||     2
       Brand Weapon With |       |       |       |       |       |       |       |     1 |       ||     1
       Cleansing Flame   |       |       |       |       |       |       |       |    10 |   131 ||   141
       Divine Shield     |       |       |       |       |       |       |       |     1 |     3 ||     4
 Abil: Evoke Flight      |       |       |       |       |     2 |       |       |       |     1 ||     3
Evoke: Wand              |       |       |       |       |       |     1 |       |       |     1 ||     2
  Use: Potion            |       |     4 |     1 |       |     1 |     5 |       |    17 |    59 ||    87
       Scroll            |       |       |     1 |    24 |    19 |     9 |    13 |    12 |    48 ||   126
 Stab: Distracted        |       |       |       |       |     1 |     1 |     1 |       |       ||     3
  Eat: Chunk             |       |     2 |     5 |     4 |       |       |       |       |       ||    11
       Ration            |       |     2 |     4 |     5 |    11 |    12 |     9 |     9 |    29 ||    81
Armor: Crystal plate arm |    77 |   101 |   297 |   254 |   445 |   545 |   305 |    22 |       ||  2046
       Scale mail        |     1 |       |       |       |       |       |       |       |       ||     1
       Skin              |       |     2 |       |       |       |       |       |     2 |       ||     4
       Gold dragon scale |       |       |       |       |       |       |       |   509 |  1238 ||  1747
Dodge: Dodged            |     5 |     6 |    21 |    41 |   139 |   294 |   169 |   169 |  1555 ||  2399
Block: Shield            |    54 |    69 |   196 |   327 |   657 |   844 |   572 |  1195 |  4011 ||  7925
       Reflection        |       |       |       |       |       |       |       |    81 |   230 ||   311

Table legend:
 A = Non-vault XP
 B = Vault XP
 C = Vault XP percentage of total XP
 D = Non-vault monster count
 E = Vault monster count
 F = Vault count percentage of total count
                 A         B        C        D         E       F
            +---------+---------+-------+---------+---------+-------
      Total | 1827868 | 1209505 |  39.8 |    3171 |    1386 |  30.4
            +---------+---------+-------+---------+---------+-------
        D:1 |      32 |       0 |   0.0 |      18 |       0 |   0.0
        D:2 |     169 |      37 |  18.0 |      30 |       1 |   3.2
        D:3 |      89 |     414 |  82.3 |      26 |      19 |  42.2
        D:4 |     312 |       0 |   0.0 |      19 |       0 |   0.0
        D:5 |     792 |       0 |   0.0 |      29 |       0 |   0.0
        D:6 |     849 |       0 |   0.0 |      21 |       0 |   0.0
        D:7 |    1186 |       0 |   0.0 |      35 |       0 |   0.0
        D:8 |     587 |       0 |   0.0 |      21 |       0 |   0.0
        D:9 |    1290 |     964 |  42.8 |      14 |      36 |  72.0
       D:10 |     938 |    1865 |  66.5 |      11 |      20 |  64.5
       D:11 |    6971 |     985 |  12.4 |      47 |       1 |   2.1
       D:12 |    5806 |    6518 |  52.9 |      49 |      15 |  23.4
       D:13 |    9586 |    4597 |  32.4 |      26 |       4 |  13.3
       D:14 |    9582 |     767 |   7.4 |      25 |       2 |   7.4
       D:15 |   11554 |    5638 |  32.8 |      26 |       7 |  21.2
     Lair:1 |    2751 |     929 |  25.2 |      13 |       1 |   7.1
     Lair:2 |    1919 |    1123 |  36.9 |      11 |       5 |  31.2
     Lair:3 |    5927 |    2169 |  26.8 |      26 |       6 |  18.8
     Lair:4 |    7675 |    5195 |  40.4 |      28 |      26 |  48.1
     Lair:5 |    6458 |    1467 |  18.5 |      30 |      11 |  26.8
     Lair:6 |   12988 |   18367 |  58.6 |      49 |      57 |  53.8
   Shoals:1 |   17339 |       0 |   0.0 |      31 |       0 |   0.0
   Shoals:2 |   10286 |       0 |   0.0 |      20 |       0 |   0.0
   Shoals:3 |   21652 |       0 |   0.0 |      38 |       0 |   0.0
   Shoals:4 |   14446 |   20446 |  58.6 |      31 |      31 |  50.0
    Snake:1 |   18787 |    6566 |  25.9 |      34 |      10 |  22.7
    Snake:2 |    9163 |   16286 |  64.0 |      20 |      19 |  48.7
    Snake:3 |   18249 |       0 |   0.0 |      31 |       0 |   0.0
    Snake:4 |   21433 |   46039 |  68.2 |      41 |      61 |  59.8
    Slime:1 |    5966 |       0 |   0.0 |      15 |       0 |   0.0
    Slime:2 |   21607 |       0 |   0.0 |      34 |       0 |   0.0
    Slime:3 |    1194 |   15160 |  92.7 |       6 |       1 |  14.3
    Slime:4 |    4954 |    2528 |  33.8 |       7 |       1 |  12.5
    Slime:5 |   17245 |   28749 |  62.5 |      25 |      10 |  28.6
      Orc:1 |    1808 |       0 |   0.0 |      26 |       0 |   0.0
      Orc:2 |    1662 |    6327 |  79.2 |      28 |      40 |  58.8
      Elf:1 |   17135 |   20466 |  54.4 |      31 |      39 |  55.7
      Elf:2 |   19069 |   23119 |  54.8 |      30 |      27 |  47.4
      Elf:3 |   17979 |   53392 |  74.8 |      29 |      36 |  55.4
   Vaults:1 |   23956 |   30738 |  56.2 |      42 |      41 |  49.4
   Vaults:2 |   16359 |   16403 |  50.1 |      42 |      17 |  28.8
   Vaults:3 |   33363 |   23880 |  41.7 |      56 |      33 |  37.1
   Vaults:4 |   11920 |   50838 |  81.0 |      20 |      47 |  70.1
   Vaults:5 |   20050 |   86566 |  81.2 |      23 |      64 |  73.6
    Crypt:1 |   36263 |    1750 |   4.6 |      50 |       1 |   2.0
    Crypt:2 |   33664 |    3937 |  10.5 |      43 |       1 |   2.3
    Crypt:3 |       0 |   84744 | 100.0 |       0 |     132 | 100.0
   Depths:1 |   48179 |    5227 |   9.8 |      63 |      17 |  21.2
   Depths:2 |   33430 |   74570 |  69.0 |      54 |      75 |  58.1
   Depths:3 |   54499 |    7174 |  11.6 |      73 |      19 |  20.7
   Depths:4 |   20514 |   90709 |  81.6 |      19 |      61 |  76.2
   Depths:5 |   30111 |   34898 |  53.7 |      29 |      20 |  40.8
       Hell |   32598 |   49151 |  60.1 |      43 |      75 |  63.6
      Dis:1 |   30378 |   27212 |  47.3 |      54 |      16 |  22.9
      Dis:2 |   14729 |    1108 |   7.0 |      34 |       2 |   5.6
      Dis:3 |   27981 |   21869 |  43.9 |      52 |      16 |  23.5
      Dis:4 |   12300 |   13618 |  52.5 |      23 |      20 |  46.5
      Dis:5 |     701 |       0 |   0.0 |       2 |       0 |   0.0
      Dis:6 |    2660 |       0 |   0.0 |       5 |       0 |   0.0
      Dis:7 |   19604 |   67376 |  77.5 |      26 |      46 |  63.9
      Coc:1 |   47625 |       0 |   0.0 |      70 |       0 |   0.0
      Coc:2 |   14334 |       0 |   0.0 |      31 |       0 |   0.0
      Coc:3 |   10391 |       0 |   0.0 |      34 |       0 |   0.0
      Coc:4 |   11343 |       0 |   0.0 |      29 |       0 |   0.0
      Coc:5 |   19959 |       0 |   0.0 |      35 |       0 |   0.0
      Coc:6 |   11249 |       0 |   0.0 |      19 |       0 |   0.0
      Coc:7 |   90097 |   71977 |  44.4 |      96 |      29 |  23.2
      Tar:2 |   59805 |       0 |   0.0 |      50 |       0 |   0.0
      Tar:3 |   51051 |       0 |   0.0 |      71 |       0 |   0.0
      Tar:4 |    2677 |       0 |   0.0 |       7 |       0 |   0.0
      Tar:5 |   44381 |       0 |   0.0 |      54 |       0 |   0.0
      Tar:6 |    5850 |       0 |   0.0 |      10 |       0 |   0.0
      Tar:7 |   66725 |   54842 |  45.1 |      59 |      26 |  30.6
    Abyss:1 |    3716 |     218 |   5.5 |       7 |       1 |  12.5
    Abyss:2 |   36321 |    2367 |   6.1 |      61 |       2 |   3.2
    Abyss:3 |   10057 |   12515 |  55.4 |      21 |      22 |  51.2
    Abyss:4 |   84474 |   16756 |  16.6 |     196 |      22 |  10.1
    Abyss:5 |  146481 |     856 |   0.6 |     221 |       1 |   0.5
      Zig:1 |    4472 |       0 |   0.0 |       1 |       0 |   0.0
      Zig:2 |    1776 |     700 |  28.3 |       4 |       1 |  20.0
      Zig:3 |   11312 |       0 |   0.0 |       2 |       0 |   0.0
      Zig:4 |    3788 |       0 |   0.0 |      10 |       0 |   0.0
      Zig:5 |   13304 |       0 |   0.0 |       5 |       0 |   0.0
      Zig:6 |    3792 |       0 |   0.0 |      10 |       0 |   0.0
      Zig:7 |   10274 |       0 |   0.0 |      10 |       0 |   0.0
      Zig:8 |    5440 |       0 |   0.0 |      20 |       0 |   0.0
      Zig:9 |   11855 |       0 |   0.0 |      19 |       0 |   0.0
     Zig:10 |   21407 |       0 |   0.0 |      15 |       0 |   0.0
     Zig:11 |   28660 |       0 |   0.0 |      20 |       0 |   0.0
     Zig:12 |   24814 |       0 |   0.0 |      20 |       0 |   0.0
     Zig:13 |   13716 |    2405 |  14.9 |      35 |       5 |  12.5
     Zig:14 |   37101 |       0 |   0.0 |      27 |       0 |   0.0
     Zig:15 |   28207 |       0 |   0.0 |      29 |       0 |   0.0
     Zig:16 |   24971 |       0 |   0.0 |      42 |       0 |   0.0
     Zig:17 |   32771 |       0 |   0.0 |      36 |       0 |   0.0
      IceCv |       0 |    8941 | 100.0 |       0 |      36 | 100.0
    Volcano |       0 |    5257 | 100.0 |       0 |       9 | 100.0
     WizLab |    2978 |   50790 |  94.5 |      11 |      43 |  79.6
            +---------+---------+-------+---------+---------+-------
